 Seeded DCSS version 0.25.1-11-g244df3a29b (webtiles) character file.

Game seed: 9335348854215055592 (custom seed)

1337408 hikkokomori the Slayer (level 27, -16/394 HPs)
             Began as a Demonspawn Monk on Mar 3, 2022.
             Was the Champion of Dithmenos.
             Demolished by a shard shrike (32 damage)
             ... on level 7 of Cocytus on Mar 4, 2022.
             The game lasted 07:19:12 (105098 turns).

hikkokomori the Slayer (Demonspawn Monk)          Turns: 105098, Time: 07:19:13

Health: -16/394    AC: 34    Str: 16    XL:     27
Magic:  0/61       EV: 36    Int: 10    God:    Dithmenos [******]
Gold:   15684      SH:  0    Dex: 26    Spells: 18/66 levels left

rFire    + . .     SeeInvis +   C - +7 pair of quick blades "Gyre" and "Gimble" {protect}
rCold    + . .     Gourm    .   (shield currently unavailable)
rNeg     + . .     Faith    +   N - +4 moon troll leather armour {Spirit, Regen++ MP+5}
rPois    +         Spirit   +   n - +2 hat of the Bear Spirit {Spirit, +Rage rN+ MR++}
rElec    +         Reflect  .   x - +2 cloak of Card Tricks {Harm rCorr MP+9}
rCorr    +         Harm     +   e - +2 pair of gloves {Str+3}
MR       +++++     Rnd*Tele +   (boots unavailable)
Stlth    ..........             G - amulet of Osafeimn {Faith +Inv rElec Slay+5 Stlth-}
HPRegen  2.55/turn              Q - ring of Divine Compulsion {*Drain +Inv rPois AC+4 Int-3 Slay+5}
MPRegen  0.37/turn              m - ring of Epenluj {*Slow rElec MR++ Slay+4 SInv}

@: berserking, protection aura, wreathed by umbra, slow
A: hooves 3, horns 1, rugged brown scales 3, blink, cold resistance 1, fire
resistance 1, hurl damnation, magic resistance 1, nightstalker 3, powered by
death 3, shaggy fur 1, teleportitis 1, flame cloud immunity
}: 14/15 runes: serpentine, barnacled, slimy, silver, golden, iron, obsidian,
bone, abyssal, demonic, glowing, magical, fiery, dark
a: Hurl Damnation, Blink, Shadow Step, Shadow Form, Renounce Religion, Evoke
Berserk Rage, Evoke Invisibility


You were on level 7 of Cocytus.
You worshipped Dithmenos.
Dithmenos was exalted by your worship.
You were not hungry.

You visited 17 branches of the dungeon, and saw 85 of its levels.
You visited Pandemonium 1 time, and saw 19 of its levels.
You visited the Abyss 2 times.
You also visited: Trove, Bailey, Gauntlet and Ice Cave.

You collected 20761 gold pieces.
You spent 5077 gold pieces at shops.

Inventory:

Hand Weapons
 a - the +8 triple crossbow of Kismet {freeze, rF+ MR+ Str-3 Int+4}
   (You found it on level 3 of the Tomb of the Ancients)

   It causes projectiles fired from it to freeze those they strike, causing
   extra injury to most foes and up to half again as much damage against
   particularly susceptible opponents.
   They can also slow down cold-blooded creatures.
   It affects your strength (-3).
   It affects your intelligence (+4).
   It protects you from fire.
   It affects your resistance to hostile enchantments.
 d - the +7 sceptre of Asmodeus
   (You took it off Asmodeus on level 7 of Gehenna)
 f - the +12 Vampire's Tooth {vamp}
   (You found it on level 3 of the Crypt)

   It inflicts no extra harm, but heals its wielder when it wounds a living foe.
 C - the +7 pair of quick blades "Gyre" and "Gimble" (weapon) {protect}
   (You found it on level 4 of the Dungeon)

   It grants its wielder temporary protection when it strikes (+7 to AC).
 K - the +12 great sword of Vael {venom, MR+ Str+4 Dex+4}
   (You found it on level 1 of the Crypt)

   It poisons the flesh of those it strikes.
   It affects your strength (+4).
   It affects your dexterity (+4).
   It affects your resistance to hostile enchantments.
 P - the +6 Majin-Bo {vamp, Archmagi MP+6 Int+6}
   (You found it on level 3 of the Tomb of the Ancients)

   It inflicts no extra harm, but heals its wielder when it wounds a living foe.
   It affects your intelligence (+6).
   It affects your magic capacity (+6).
 Y - the +11 fustibalus of Equilibrium {vorpal, rElec rF+ Dex-2}
   (You found it on level 7 of Tartarus)

   Any stone fired from it inflicts extra damage.
   It affects your dexterity (-2).
   It protects you from fire.
   It insulates you from electricity.
Missiles
 p - 443 bolts
 R - 41 curare-tipped darts (quivered)
 S - 16 throwing nets
Armour
 e - a +2 pair of gloves of strength (worn)
 n - the +2 hat of the Bear Spirit (worn) {Spirit, +Rage rN+ MR++}
   (You found it on level 1 of the Depths)

   It protects you from negative energy.
   It affects your resistance to hostile enchantments.
   It lets you go berserk.
 x - the +2 cloak of Card Tricks (worn) {Harm rCorr MP+9}
   (You found it on level 5 of the Lair of Beasts)

   It affects your magic capacity (+9).
   It provides partial protection from all sources of acid and corrosion.
   It increases damage dealt and taken.
 N - the +4 moon troll leather armour (worn) {Spirit, Regen++ MP+5}
   (You bought it in a shop on level 13 of the Dungeon)

   It affects your magic capacity (+5).
   It increases your rate of regeneration.
Jewellery
 m - the ring of Epenluj (right hand) {*Slow rElec MR++ Slay+4 SInv}
   (You found it in a treasure trove)

   [ring of slaying]

   It affects your accuracy and damage with ranged weapons and melee attacks
   (+4).
   It insulates you from electricity.
   It affects your resistance to hostile enchantments.
   It lets you see invisible.
   It may slow you when you take damage.
 B - the amulet "Loefiarph" {RegenMP Str+7 Int+4}
   (You found it on level 3 of the Tomb of the Ancients)

   [amulet of magic regeneration]

   It increases your magic regeneration.
   It affects your strength (+7).
   It affects your intelligence (+4).
 F - the ring of Generosity {rPois Int+4 Dex+3 Stlth-}
   (You found it on level 5 of the Pits of Slime)

   [ring of attention]

   It affects your intelligence (+4).
   It affects your dexterity (+3).
   It protects you from poison.
   It makes you less stealthy.
 G - the amulet of Osafeimn (around neck) {Faith +Inv rElec Slay+5 Stlth-}
   (You found it on level 5 of the Pits of Slime)

   [amulet of faith]

   It allows you to gain divine favour quickly.
   It affects your accuracy and damage with ranged weapons and melee attacks
   (+5).
   It insulates you from electricity.
   It lets you turn invisible.
   It makes you less stealthy.
 O - the ring of Kepokih {rF+ rC+ MR- Int+8 Dex+3}
   (You found it in a treasure trove)

   [ring of protection from cold]

   It affects your intelligence (+8).
   It affects your dexterity (+3).
   It protects you from fire.
   It protects you from cold.
   It affects your resistance to hostile enchantments.
 Q - the ring of Divine Compulsion (left hand) {*Drain +Inv rPois AC+4 Int-3 Slay+5}
   (You acquired it on level 2 of the Depths)

   [ring of protection]

   It affects your AC (+4).
   It affects your intelligence (-3).
   It affects your accuracy and damage with ranged weapons and melee attacks
   (+5).
   It protects you from poison.
   It lets you turn invisible.
   It causes draining when unequipped.
 V - the ring of Robustness {AC+8}
   (You found it in a Gauntlet)

   [ring of protection]

   It affects your AC (+8).
Wands
 j - a wand of digging (32)
 y - a wand of acid (32)
 z - a wand of disintegration (59)
 M - a wand of iceblast (42)
 T - a wand of paralysis (14)
Scrolls
 g - 3 scrolls of enchant weapon
 k - 4 scrolls of summoning
 q - 8 scrolls of blinking
 r - a scroll of magic mapping
 s - 12 scrolls of teleportation
 w - 2 scrolls of fog
 A - 19 scrolls of amnesia
 U - 2 scrolls of identify
 W - 15 scrolls of fear
Potions
 b - 4 potions of stabbing
 h - 5 potions of magic
 i - 19 potions of curing
 l - 8 potions of mutation
 o - 4 potions of haste
 t - 9 potions of ambrosia
 u - 6 potions of resistance
 D - 11 potions of might
 E - 3 potions of heal wounds
 I - 3 potions of cancellation
 J - 5 potions of flight
 L - 9 potions of brilliance
Miscellaneous
 v - a tin of tremorstones (3/3)
 H - a lightning rod (4/4)
 X - 9 boxes of beasts
 Z - a phial of floods
Comestibles
 c - 68 rations


   Skills:
 + Level 26.4 Fighting
 - Level 17.4 Short Blades
 - Level 13.9 Armour
 + Level 26.1 Dodging
 + Level 25.7 Stealth
 - Level 20.2 Spellcasting
 - Level 12.3 Hexes
 - Level 10.0 Charms
 - Level 9.3 Summonings
 - Level 24.3 Necromancy
 - Level 8.3 Translocations
 - Level 15.3 Transmutations
 - Level 11.7 Ice Magic
 - Level 8.5 Air Magic
 - Level 4.9 Earth Magic
 - Level 12.3 Invocations
 - Level 15.2 Evocations


You had 18 spell levels left.
You knew the following spells:

 Your Spells              Type           Power        Failure   Level  Hunger
a - Death Channel         Necr           ######....   1%          6    ######.
b - Ozocubu's Armour      Chrm/Ice       ####....     1%          3    None
c - Confusing Touch       Hex            ####....     1%          3    None
d - Borgnjor's Vile Clut  Necr/Erth      #####.....   1%          5    ####...
e - Portal Projectile     Hex/Tloc       ####..       1%          3    None
f - Shroud of Golubria    Chrm/Tloc      ####..       1%          2    None
g - Song of Slaying       Chrm           ####....     1%          2    None
h - Blink                 Tloc           N/A          1%          2    None
i - Silence               Hex/Air        ####......   1%          5    ####...
j - Swiftness             Chrm/Air       ####....     1%          2    None
k - Summon Butterflies    Summ           ####....     1%          1    None
l - Darkness              Hex            ####......   5%          6    ######.
m - Necromutation         Tmut/Necr      #####.....   11%         8    #######

Your spell library contained the following spells:

 Spells                   Type           Power        Failure   Level  Hunger
 Animate Skeleton         Necr           N/A          0%          1    None
 Beastly Appendage        Tmut           #####.       0%          1    None
 Pain                     Necr           ####         0%          1    None
 Corpse Rot               Necr/Air       N/A          0%          2    None
 Sticks to Snakes         Tmut           #####...     0%          2    None
 Sublimation of Blood     Necr           ######....   0%          2    None
 Vampiric Draining        Necr           ######....   0%          3    None
 Animate Dead             Necr           N/A          0%          4    ##.....
 Dispel Undead            Necr           ######..     0%          4    ##.....
 Agony                    Necr           ######..     0%          5    ####...
 Apportation              Tloc           ####..       1%          1    None
 Corona                   Hex            ####...      1%          1    None
 Freeze                   Ice            ####         1%          1    None
 Infusion                 Chrm           ####         1%          1    None
 Shock                    Conj/Air       ###.         1%          1    None
 Sting                    Tmut/Pois      ####         1%          1    None
 Summon Small Mammal      Summ           ####         1%          1    None
 Call Imp                 Summ           ####....     1%          2    None
 Ensorcelled Hibernation  Hex/Ice        ####..       1%          2    None
 Poisonous Vapours        Pois/Air       ###...       1%          2    None
 Slow                     Hex            ####....     1%          2    None
 Call Canine Familiar     Summ           ####....     1%          3    None
 Dazzling Flash           Conj/Hex       ###...       1%          3    None
 Frozen Ramparts          Ice            ####..       1%          3    None
 Gell's Gravitas          Tloc           ####......   1%          3    None
 Ignite Poison            Fire/Tmut/Pois ###.....     1%          3    None
 Inner Flame              Hex/Fire       ###.....     1%          3    None
 Lesser Beckoning         Tloc           ####......   1%          3    None
 Recall                   Summ/Tloc      N/A          1%          3    None
 Spectral Weapon          Hex/Chrm       ####....     1%          3    None
 Spider Form              Tmut/Pois      ####......   1%          3    None
 Summon Guardian Golem    Hex/Summ       ####....     1%          3    None
 Teleport Other           Tloc           ####....     1%          3    None
 Tukima's Dance           Hex            ####....     1%          3    None
 Airstrike                Air            ####......   1%          4    ##.....
 Cause Fear               Hex            ####......   1%          4    ##.....
 Ice Form                 Ice/Tmut       #####...     1%          4    ##.....
 Leda's Liquefaction      Hex/Erth       ####......   1%          4    ##.....
 Passage of Golubria      Tloc           N/A          1%          4    ##.....
 Petrify                  Tmut/Erth      ####....     1%          4    ##.....
 Summon Ice Beast         Ice/Summ       ####....     1%          4    ##.....
 Summon Lightning Spire   Summ/Air       ####....     1%          4    ##.....
 Blade Hands              Tmut           #####.....   1%          5    ####...
 Excruciating Wounds      Chrm/Necr      #####.....   1%          5    ####...
 Metabolic Englaciation   Hex/Ice        ####......   1%          5    ####...
 Summon Mana Viper        Hex/Summ       ####....     1%          5    ####...
 Yara's Violent Unravell  Hex/Tmut       #####.....   1%          5    ####...
 Hydra Form               Tmut           #####.....   1%          6    ######.
 Simulacrum               Ice/Necr       #####.....   1%          6    ######.
 Borgnjor's Revivificati  Necr           ######....   1%          8    #######
 Infestation              Necr           ######....   1%          8    #######
 Static Discharge         Conj/Air       ###.....     2%          3    None
 Aura of Abjuration       Summ           ####......   3%          5    ####...
 Summon Demon             Summ           ####......   3%          5    ####...
 Fulminant Prism          Conj/Hex       ###.......   4%          4    ##.....
 Hailstorm                Conj/Ice       ###.....     4%          4    ##.....
 Summon Forest            Summ/Tloc      ####......   4%          5    ####...
 Haunt                    Necr/Summ      #####.....   4%          7    #######
 Foxfire                  Conj/Fire      ##..         5%          1    None
 Magic Dart               Conj           ##..         5%          1    None
 Mephitic Cloud           Conj/Pois/Air  ###.....     5%          3    None
 Invisibility             Hex            ####....     5%          6    ######.
 Alistair's Intoxication  Tmut/Pois      ####....     7%          5    ####...
 Irradiate                Conj/Tmut      ####......   7%          5    ####...
 Ozocubu's Refrigeration  Ice            ####......   7%          6    ######.
 Searing Ray              Conj           ##....       9%          2    None
 Dragon Form              Tmut           #####.....   9%          7    #######
 Iskenderun's Mystic Bla  Conj/Tloc      ###.....     10%         4    ##.....
 Statue Form              Tmut/Erth      ####.....    13%         6    ######.
 Conjure Flame            Conj/Fire      ##......     17%         3    None
 Shadow Creatures         Summ           N/A          19%         6    ######.
 Iskenderun's Battlesphe  Conj/Chrm      ###.....     21%         5    ####...
 Lightning Bolt           Conj/Air       ###.......   26%         5    ####...
 Death's Door             Chrm/Necr      #####.....   30%         8    #######
 Eringya's Noxious Bog    Tmut/Pois      ####......   36%         6    ######.
 Freezing Cloud           Conj/Ice/Air   ###.......   47%         6    ######.
 Olgreb's Toxic Radiance  Pois           ##......     50%         4    ##.....
 Sticky Flame             Conj/Fire      ##......     50%         4    ##.....
 Bolt of Magma            Conj/Fire/Erth ##........   61%         5    ####...
 Conjure Ball Lightning   Conj/Air       ###.......   82%         6    ######.
 Fireball                 Conj/Fire      ##........   83%         5    ####...
 Discord                  Hex            ####......   93%         8    #######
 Iron Shot                Conj/Erth      ###.......   97%         6    ######.
 Ring of Flames           Chrm/Fire      ###.......   99%         7    #######
 Orb of Destruction       Conj           ##........   100%        7    #######
 Spellforged Servitor     Conj/Summ      ###.......   100%        7    #######
 Controlled Blink         Tloc           N/A          100%        8    #######
 Disjunction              Tloc           ####......   100%        8    #######
 Ignition                 Fire           ##........   100%        8    #######
 Shatter                  Erth           ###.......   100%        9    #######
 Tornado                  Air            ####......   100%        9    #######


Dungeon Overview and Level Annotations

Branches:
Dungeon (15/15)            Temple (1/1) D:5            Lair (6/6) D:11
 Shoals (4/4) Lair:4        Snake (4/4) Lair:4        Slime (5/5) Lair:5
    Orc (2/2) D:12            Elf (3/3) Orc:2        Vaults (5/5) D:13
  Crypt (3/3) Vaults:2       Tomb (3/3) Crypt:3      Depths (5/5) D:15
   Hell (visited)             Dis (7/7) Hell            Geh (7/7) Hell
    Coc (7/7) Hell            Tar (7/7) Hell            Zot (0/5) Depths:5
 Bailey (visited)           IceCv (visited)         Gauntlet (visited)

Altars:
Ashenzari
Dithmenos
Elyvilon
Fedhas
Gozag
Hepliaklqana
Kikubaaqudgha
Makhleb
Okawaru
Qazlal
Ru
Sif Muna
Trog
Uskayaw
Vehumet
Wu Jian
Xom
Yredelemnul
Zin
The Shining One
Beogh
Jiyva
Lugonu

Shops:
D:4 ?   D:5 *   D:8 (   D:13 ([   Orc:1 :   Orc:2 ?:[(   Elf:1 }   Elf:3 !
Shoals:3 [}(   Snake:4 ?   Vaults:4 !   Depths:5 (

Portals:
Hell: Depths:1 Depths:2 Depths:3 Depths:4 Depths:5
Abyss: Depths:3 Depths:4
Pandemonium: Depths:1 Depths:3
Ziggurat: Depths:5


Innate Abilities, Weirdness & Mutations

You have hooves in place of feet.
You are completely covered in rugged brown scales. (AC +3, +7% HP)
Your flesh is heat resistant. (rF+)
You can hurl damnation.
You are completely attuned to the shadows.
You regenerate a lot of health from kills.
You are immune to clouds of flame.
You have a pair of small horns on your head.
You can translocate small distances at will.
Your flesh is cold resistant. (rC+)
You are resistant to hostile enchantments. (MR+)
You are covered in fur. (AC +1)
You are occasionally teleported next to monsters.


Message History

You puncture the shard shrike!
Your weapon exudes an aura of protection.
You kick the shard shrike!! Your headbutt misses the shard shrike.
You barely miss the shard shrike. Your shadow misses the shard shrike.
The shard shrike closely misses you.
The shard shrike spits a shard of ice at you.
The shard of ice hits you!! You partially resist.
* * * LOW HITPOINT WARNING * * *
The shard shrike closely misses you.
You puncture the shard shrike! Your kick misses the shard shrike.
You headbutt the shard shrike!! You impale the shard shrike!!
You kill the shard shrike!
Dithmenos accepts your kill.
The ice devil splashes around in the water.
Unknown command.
Your unstable footing causes you to fumble your attack.
The shard shrike claws you!
* * * LOW HITPOINT WARNING * * *
The shard shrike freezes you!! You resist.
You die...

≈≈≈≈≈≈≈≈≈≈≈≈≈≈,,,,≈≈≈≈* *≈≈≈≈.).≈
≈≈≈≈≈≈≈≈≈≈≈≈≈≈≈,,,≈≈≈≈* *≈≈≈≈...≈
≈≈≈≈≈≈≈≈≈≈≈≈≈≈≈≈,≈≈≈≈≈* *≈≈≈≈.)..
≈≈≈≈≈≈≈≈≈≈≈≈≈≈≈≈≈≈≈≈≈≈* *≈≈≈≈.)).
≈≈≈≈≈≈≈≈≈≈≈≈≈≈≈≈4≈≈≈≈≈* *≈≈≈≈≈...
≈≈≈≈≈≈≈≈≈≈≈≈≈≈§≈≈≈≈≈≈≈* *≈≈≈≈≈...
≈≈≈≈≈≈≈≈≈≈≈≈≈≈§§§§§≈≈≈* *≈≈≈≈≈...
≈≈≈≈≈≈≈≈≈≈≈≈≈≈§§bbZ≈≈≈* *≈≈≈≈≈..≈
≈≈≈≈≈≈≈≈≈≈≈≈≈≈§§@§§≈≈≈***≈≈≈≈≈≈≈≈
≈≈≈≈≈≈≈≈≈≈≈≈≈≈§§§4§≈≈≈≈*≈≈≈≈≈≈≈≈≈
≈≈≈≈≈≈≈≈≈≈≈≈≈≈§§§§§≈≈≈≈≈≈≈≈≈≈≈≈≈≈
≈≈≈≈≈≈≈≈≈≈≈≈≈≈≈≈≈≈≈≈≈≈≈≈≈≈≈≈≈≈≈≈≈
≈≈≈≈≈≈≈≈≈≈≈≈≈≈≈≈≈≈≈≈≈≈≈≈≈≈≈≈≈≈≈≈≈
≈≈≈≈≈≈≈≈≈≈≈≈≈≈≈≈≈≈≈≈≈≈≈≈≈≈≈≈≈≈≈≈≈
≈≈≈≈≈≈≈≈≈≈≈≈≈≈≈≈≈≈≈≈≈≈≈≈≈≈≈≈≈≈≈≈≈
≈≈≈≈≈≈≈≈≈≈≈≈≈≈≈≈≈≈≈≈≈≈≈≈≈≈≈≈≈≈≈≈≈
≈≈≈≈≈≈≈≈≈≈≈≈≈≈≈≈≈≈≈≈≈≈≈≈≈≈≈≈≈≈)≈≈


You could see 2 shard shrikes, an ice devil and an ettin skeleton.

Vanquished Creatures
  Cerebov (Pan)
  Asmodeus (Geh:7)
  the Royal Jelly (Slime:5)
  Ereshkigal (Tar:7)
  Gloorx Vloq (Pan)
  Lom Lobon (Pan)
  the Serpent of Hell (Tar:7)
  Mnoleg (Pan)
  Dispater (Dis:7)
  Khufu (Crypt:2)
  Mara (Depths:3)
  15 pandemonium lords (Pan)
  2 ancient liches (Vaults:5)
  41 greater mummies
  7 shard shrikes
  Bai Suzhen (Depths:2)
  Frederick (Vaults:3)
  Xtahua (Vaults:3)
  7 caustic shrikes
  Geryon (Hell)
  Nikola (Elf:1)
  A profane servitor (Crypt:3)
  Jory (Vaults:5)
  A golden dragon (Vaults:3)
  the Enchantress (Depths:2)
  14 doom hounds
  13 bone dragons
  7 iron giants
  12 liches
  4 hellephants
  40 Tzitzimimeh
  37 Brimstone Fiends
  7 Ice Fiends
  13 Hell Sentinels
  9 tentacled monstrosities
  4 deep elf blademasters
  15 acid blobs
  27 Executioners
  3 deep elf master archers (Elf:3)
  A tentacled starspawn (Abyss:3)
  9 titans
  Murray (Hell)
  Agnes (Elf:2)
  Polyphemus (Shoals:3)
  22 ancient champions
  2 eldritch tentacles (Pan)
  12 sphinxes
  Kirke (Lair:6)
  7 shadow dragons
  7 storm dragons
  Roxanne (Elf:1)
  2 draconian monks (Depths:5)
  Ilsuiw (Shoals:2)
  7 tengu reavers
  16 warmongers (Pan)
  9 nagarajas (Snake:4)
  10 azure jellies
  6 revenants
  5 iron dragons
  14 fire giants
  10 vault wardens
  8 deep elf sorcerers
  Louise (Shoals:4)
  10 frost giants
  34 balrugs
  2 ghost moths (Pan)
  Aizul (Shoals:4)
  33 cacodemons
  4 corrupters (Pan)
  4 draconian shifters
  3 curse skulls
  17 ironheart preservers
  5 spriggan defenders (Depths:2)
  2 deep elf elementalists (Elf:3)
  6 bennus
  A war gargoyle (Hell)
  A draconian annihilator (Abyss:3)
  93 reapers
  9 ghouls
  17 stone giants
  6 caustic shrike skeletons (Depths:2)
  An ophan (Abyss:4)
  3 starcursed masses
  3 blood saints (Pan)
  2 entropy weavers
  An elemental wellspring (Coc:4)
  Azrael (D:12)
  6 very ugly things
  2 green draconians (Depths:5)
  6 black suns (Pan)
  4 deep elf annihilators
  A purple draconian (Depths:5)
  7 deep elf demonologists
  18 lorocyprocas
  3 vampire knights
  A spark wasp (Depths:3)
  9 dire elephants
  2 minotaurs
  A red draconian (Depths:5)
  10 eidola
  8 merfolk javelineers
  19 ettins
  20 blizzard demons
  25 mummy priests
  22 green deaths
  7 death oozes
  8 fire dragons
  8 quicksilver dragon zombies
  7 deep elf death magi
  7 jiangshi
  2 spectral krakens (Tar:7)
  Josephine (D:12)
  8 merfolk impalers
  5 deep elf high priests
  14 yaktaur captains
  13 ogre magi
  10 monstrous demonspawn (Pan)
  34 vault guards
  4 quicksilver dragon skeletons
  2 kraken zombies (Coc:2)
  7 spriggan air magi
  10 great orbs of eyes
  4 rakshasas
  16 naga warriors
  7 hydras
  10 hell beasts
  14 ice dragons
  A merfolk aquamancer (Shoals:4)
  5 anacondas
  5 ghost crabs
  3 catoblepae
  6 satyrs
  2 alligator snapping turtles (Shoals:3)
  34 dancing weapons
  31 two-headed ogres
  12 centaur warriors
  9 deep troll earth magi
  5 death knights
  A two-headed ogre (shapeshifter) (Vaults:5)
  3 merfolk avatars (Shoals:4)
  9 deep troll shamans
  10 vampire magi
  6 tengu warriors
  The ghost of stebl the Impaler, a novice MfGl of Makhleb (Lair:1)
  9 death yaks
  96 death scarabs
  6 spriggan berserkers
  11 titan zombies
  An orc high priest (Bailey)
  2 thrashing horrors (Abyss:4)
  62 hell hogs
  5 iron golems
  19 naga sharpshooters
  Sonja (D:12)
  53 soul eaters
  6 shock serpents
  Urug (D:11)
  11 shadow wraiths
  63 sun demons
  19 deep elf knights
  11 storm dragon zombies
  9 titan skeletons
  9 iron trolls
  4 spatial maelstroms
  3 wretched stars
  5 salamander mystics
  153 skeletal warriors
  9 golden dragon zombies
  A fire crab (shapeshifter) (Elf:2)
  70 hell knights
  12 anaconda zombies
  7 spriggan druids (Depths:2)
  14 storm dragon skeletons
  38 sixfirhies
  20 sea snakes
  3 ghost moth zombies
  13 gelid demonspawn (Pan)
  A death drake (Tar:2)
  27 deep trolls
  21 flayed ghosts
  6 naga ritualists
  2 kraken simulacra
  15 wizards
  17 ironbrand convokers
  8 torturous demonspawn
  2 unseen horrors
  11 infernal demonspawn (Pan)
  39 shadow demons
  A lindwurm (Lair:6)
  10 shadow dragon zombies
  2 glowing orange brains
  9 anaconda skeletons
  29 phantasmal warriors
  23 harpies
  10 wolf spider zombies
  7 golden dragon skeletons
  12 orc knights
  14 deep elf archers
  40 ugly things
  10 mana vipers
  24 necromancers
  9 frost giant zombies
  9 shadow dragon skeletons
  72 deep elf magi
  5 orc sorcerers
  8 iron dragon zombies
  2 mana vipers (shapeshifter)
  9 stone giant zombies
  3 shining eyes
  10 fire giant zombies
  9 cyclopes
  6 wolf spiders
  12 manticores
  14 fauns
  20 salamanders
  A worldbinder (Abyss:4)
  Maurice (D:11)
  An elephant (shapeshifter) (Depths:3)
  7 dire elephant zombies
  9 fire giant skeletons
  8 guardian serpents
  5 iron dragon skeletons
  10 frost giant skeletons
  7 merfolk sirens
  A guardian serpent (shapeshifter) (Vaults:1)
  45 black mambas
  4 human skeletons
  9 elephants
  2 shock serpent zombies
  6 stone giant skeletons
  66 smoke demons
  An ice statue (IceCv)
  4 eyes of devastation
  9 water nymphs
  42 rust devils
  An eye of devastation (shapeshifter) (Depths:1)
  9 molten gargoyles
  2 gargoyles
  23 naga magi
  Joseph (D:9)
  15 vault sentinels
  7 spectral swamp worms (Tar:7)
  7 dire elephant skeletons
  37 orange demons (Pan)
  An elephant slug zombie (Crypt:1)
  2 shock serpent skeletons
  A redback zombie (D:15)
  5 emperor scorpion zombies
  A spiny frog (shapeshifter) (Vaults:3)
  19 spiny frogs
  A minotaur zombie (Dis:1)
  11 komodo dragons
  2 centaur skeletons
  A rime drake (Lair:4)
  A yaktaur zombie (Vaults:4)
  77 hellions
  5 efreet
  25 demonic crawlers (Pan)
  2 yaktaurs (shapeshifter)
  A minotaur skeleton (Geh:6)
  24 yaktaurs
  62 tormentors
  A catoblepas zombie (Dis:5)
  53 guardian mummies
  40 ice devils
  2 ancient zymes
  3 harpy zombies
  54 red devils
  3 catoblepas skeletons
  26 freezing wraiths
  20 hydra zombies
  5 silent spectres
  9 trolls
  5 tengu conjurers
  24 hellwings
  A yaktaur skeleton (Vaults:4)
  39 merfolk
  A wind drake (shapeshifter) (Vaults:5)
  18 polar bears
  A wolf spider simulacrum (D:14)
  A troll (shapeshifter) (D:15)
  6 wind drakes
  17 hornets
  A bog body (Coc:7)
  6 hydra skeletons
  2 raiju (Abyss:3)
  3 alligator zombies
  7 fire dragon zombies
  12 hippogriffs
  A meliai zombie (D:15)
  17 dream sheep
  4 blink frogs (Lair:1)
  Grinder (D:4)
  A death drake skeleton (Crypt:1)
  4 ice dragon zombies
  A stone giant simulacrum (Hell)
  A dream sheep (shapeshifter) (Elf:2)
  63 slime creatures
  11 snapping turtles
  A hippogriff (shapeshifter) (Vaults:2)
  9 ettin zombies
  A guardian serpent skeleton (Crypt:2)
  3 black mamba zombies
  7 ettin skeletons
  Sigmund (D:4)
  6 ice dragon skeletons
  39 ynoxinuls
  3 fire dragon skeletons
  12 wyverns
  177 flying skulls
  A yak (shapeshifter) (Depths:3)
  14 water elementals
  An air elemental (Elf:1)
  An alligator skeleton (Coc:6)
  43 spriggans
  50 wraiths
  19 ushabtiu
  9 fire bats
  A tyrant leech zombie (Crypt:2)
  40 shadows
  57 yaks
  7 basilisks
  30 fire elementals
  4 black mamba skeletons
  11 golden eyes
  2 golden eyes (shapeshifter)
  Grum (D:9)
  2 steam dragons (Lair:6)
  4 vampire mosquitoes (D:15)
  43 chaos spawn
  31 neqoxecs
  64 large abominations
  A merfolk zombie (Geh:4)
  5 hungry ghosts
  4 spatial vortices (Abyss:3)
  A monstrous demonspawn zombie (Geh:2)
  A warg (shapeshifter) (Elf:2)
  3 wargs
  45 nagas
  12 spiny frog zombies
  2 acid dragons
  12 porcupines
  13 water moccasins
  A water moccasin (shapeshifter) (Depths:2)
  111 hell hounds
  4 floating eyes (Pan)
  A hydra simulacrum (Coc:1)
  7 ice beasts
  A spiny frog skeleton (Geh:2)
  An eye of draining (shapeshifter) (Vaults:2)
  An ice dragon simulacrum (Coc:7)
  54 orc warriors
  10 phantoms
  4 black bears
  3 sky beasts
  9 snapping turtle zombies
  5 swamp dragon zombies
  2 manticore zombies
  50 necrophages
  26 ogres
  31 boggarts
  5 eyes of draining
  A swamp dragon skeleton (Coc:7)
  49 wolves
  A manticore skeleton (Tar:5)
  35 centaurs
  9 crocodiles
  5 snapping turtle skeletons
  A big kobold (D:10)
  An elf zombie (Tomb:2)
  Blork the orc (D:4)
  13 bullfrogs
  2 elf skeletons
  4 earth elementals
  2 gnoll sergeants
  A spiny frog simulacrum (Hell)
  A wyvern zombie (D:10)
  A salamander skeleton (Crypt:1)
  A draconian skeleton (Crypt:2)
  6 scorpions
  A cyclops skeleton (Crypt:1)
  10 killer bees
  2 water moccasin skeletons
  6 wyvern skeletons (Crypt:3)
  2 troll zombies
  104 wights
  12 howler monkeys
  3 electric eels
  18 crimson imps
  5 lava snakes (Lair:6)
  2 troll skeletons
  A bullfrog zombie (D:7)
  3 centaur zombies
  4 jellies
  15 orc priests
  2 quasits (Abyss:3)
  4 bullfrog skeletons
  8 hounds
  Crazy Yiuf (D:4)
  3 human zombies
  25 iron imps
  4 hell rats (Hell)
  3 iguanas
  11 worker ants
  27 orc wizards
  A tengu zombie (Geh:3)
  8 small abominations
  A dwarf zombie (Crypt:2)
  A naga skeleton (Crypt:1)
  2 naga zombies
  A hound zombie (D:4)
  69 mummies
  2 worker ant zombies (D:6)
  21 gnolls
  15 adders
  20 shadow imps
  22 white imps
  2 ufetubi
  2 oozes
  An adder skeleton (D:7)
  A lava snake skeleton (Crypt:2)
  A worm (D:3)
  A dart slug (D:1)
  10 leopard geckos
  81 orcs
  2 ball pythons
  2 giant cockroaches
  27 goblins
  11 hobgoblins
  8 jackals
  A quokka (D:8)
  A ball python skeleton (D:2)
  9 bats
  6 frilled lizards
  2 goblin skeletons (D:6)
  A goblin zombie (D:6)
  3 hobgoblin zombies (D:6)
  5 kobolds
  3 kobold zombies
  An orc skeleton (Coc:5)
  An orc zombie (D:6)
  A quokka skeleton (D:6)
  8 rats
  7 plants
  A starspawn tentacle (Abyss:3)
  4 tentacles
5429 creatures vanquished.

Vanquished Creatures (collateral kills)
  Sojobo (Depths:3)
  A tentacled monstrosity (Depths:4)
  A lich (Vaults:5)
  An Ice Fiend (Coc:7)
  2 sphinxes (Depths:4)
  A tengu reaver (Depths:3)
  A fire giant (Depths:3)
  3 nagarajas (Snake:4)
  A frost giant (Depths:4)
  An angel (Depths:4)
  A deep elf elementalist (Vaults:5)
  2 very ugly things (Depths:3)
  An ettin (Vaults:5)
  2 yaktaur captains (Vaults:5)
  2 vault guards (Vaults:5)
  4 naga warriors (Snake:4)
  An ice dragon (Depths:1)
  A monstrous demonspawn (Depths:3)
  2 anacondas
  A deep troll shaman (Depths:4)
  A death yak (Shoals:3)
  2 deep troll earth magi (Depths:1)
  A tengu warrior (Depths:4)
  A small abomination (Vaults:5)
  3 naga sharpshooters
  An iron troll (Depths:4)
  A sun demon (Hell)
  5 deep trolls (Depths:4)
  A salamander mystic (Snake:4)
  A gelid demonspawn (Depths:3)
  A sea snake (Snake:4)
  An ironbrand convoker (Vaults:5)
  2 salamanders (Snake:4)
  7 guardian serpents (Snake:4)
  2 naga magi (Snake:4)
  A yaktaur (Vaults:5)
  A red devil (Hell)
  4 nagas
  An orc warrior (Orc:2)
  A sky beast (shapeshifter) (Vaults:5)
  A centaur (Orc:2)
  2 boggarts (Depths:1)
  A white imp (Coc:7)
  An orc (Orc:2)
  A crawling corpse (Vaults:5)
74 creatures vanquished.

Vanquished Creatures (others)
  A lich (Geh:7)
  An eldritch tentacle (Pan)
  A blood saint (Pan)
  A soul eater (Pan)
  A worldbinder (Gauntlet)
  A cyclops (D:12)
  A guardian serpent (Snake:4)
  A smoke demon (Pan)
  A hellion (Geh:7)
  A yaktaur (Vaults:3)
  A red devil (Pan)
  A ynoxinul (Pan)
  A human (Lair:6)
  A chaos spawn (Pan)
  A hell hound (Dis:7)
  A sky beast (D:13)
  A boggart (Gauntlet)
  A centaur (Vaults:3)
  A crocodile (Lair:6)
  A hell rat (Hell)
  A shadow imp (Tar:1)
  A crawling corpse (Vaults:5)
  6 fungi
  54 plants
  2 starspawn tentacles (Abyss:3)
  11 tentacles
95 creatures vanquished.

Grand Total: 5598 creatures vanquished

Notes
Turn   | Place    | Note
-------+----------+-------------------------------------------
     0 | D:1      | hikkokomori the Demonspawn Monk began the quest for the
                  | Orb.
     0 | D:1      | Reached XP level 1. HP: 18/18 MP: 1/1
   302 | D:1      | Gained mutation: You are slightly more attuned to the
                  | shadows. [demonic ancestry]
   302 | D:1      | Reached XP level 2. HP: 20/24 MP: 2/2
   762 | D:1      | Reached XP level 3. HP: 29/29 MP: 3/3
  1252 | D:2      | Reached XP level 4. HP: 34/35 MP: 4/4
  1558 | D:3      | Found a bloodstained altar of Trog.
  1562 | D:3      | Found a hazy altar of Hepliaklqana.
  1573 | D:3      | Found a blossoming altar of Fedhas.
  1658 | D:3      | Reached XP level 5. HP: 33/41 MP: 5/5
  2454 | D:4      | Noticed Sigmund
  2509 | D:4      | Killed Sigmund
  2509 | D:4      | Gained mutation: You have large cloven feet. [demonic
                  | ancestry]
  2509 | D:4      | Reached XP level 6. HP: 30/48 MP: 6/6
  2718 | D:4      | Noticed Blork the orc
  2731 | D:4      | Killed Blork the orc
  2819 | D:4      | Reached XP level 7. HP: 13/54 MP: 7/7
  3484 | D:4      | You fall into a shaft and drop 1 floor!
  3484 | D:5      | Entered Level 5 of the Dungeon
  3633 | D:5      | Found a staircase to the Ecumenical Temple.
  3660 | Temple   | Entered the Ecumenical Temple
  3733 | Temple   | Became a worshipper of Dithmenos the Shadowed
  3733 | Temple   | Reached * piety under Dithmenos
  3733 | Temple   | Reached ** piety under Dithmenos
  3784 | D:5      | Found Saosiamyl's Assorted Antiques.
  3803 | D:5      | Reached skill level 5 in Short Blades
  3812 | D:5      | Bought a twisted glass wand for 96 gold pieces
  4271 | D:4      | Noticed Grinder
  4273 | D:4      | Paralysed by Grinder for 7 turns
  4289 | D:4      | Killed Grinder
  4289 | D:4      | Reached skill level 5 in Stealth
  4418 | D:4      | Reached skill level 5 in Dodging
  4469 | D:4      | Found the +7 pair of quick blades "Gyre" and "Gimble"
                  | {protect}
  4490 | D:4      | Gained mutation: You have hoof-like feet. [demonic
                  | ancestry]
  4490 | D:4      | Reached XP level 8. HP: 59/61 MP: 8/8
  4506 | D:4      | Found Tewneg's Magic Scroll Shop.
  4520 | D:4      | Bought 2 scrolls of identify for 48 gold pieces
  4520 | D:4      | Bought a scroll of teleportation for 36 gold pieces
  4520 | D:4      | Bought a scroll of teleportation for 36 gold pieces
  4543 | D:4      | Found an iron altar of Okawaru.
  4572 | D:4      | Found a runed translucent door.
  4573 | D:4      | Noticed Crazy Yiuf
  4651 | D:4      | Killed Crazy Yiuf
  5206 | D:6      | Reached skill level 5 in Fighting
  5416 | D:6      | Found a glowing golden altar of the Shining One.
  6053 | D:7      | Found a flagged portal.
  6089 | D:7      | Reached *** piety under Dithmenos
  6097 | D:7      | Gained mutation: You are partially covered in rugged brown
                  | scales. (AC +1, +3% HP) [demonic ancestry]
  6097 | D:7      | Reached XP level 9. HP: 51/70 MP: 9/9
  6126 | Bailey   | Entered a bailey
  6289 | Bailey   | Found an iron altar of Okawaru.
  6289 | Bailey   | Noticed an orc high priest
  6289 | Bailey   | Noticed an orc sorcerer
  6303 | Bailey   | Noticed an ice devil
  6316 | Bailey   | Killed an orc high priest
  6359 | Bailey   | Killed an orc sorcerer
  6741 | Bailey   | Gained mutation: You are significantly more attuned to the
                  | shadows. [demonic ancestry]
  6741 | Bailey   | Reached XP level 10. HP: 78/78 MP: 10/10
  7097 | D:7      | Reached skill level 1 in Evocations
  7157 | D:7      | Reached **** piety under Dithmenos
  7171 | D:7      | Found an ancient bone altar of Kikubaaqudgha.
  7275 | D:7      | Reached skill level 1 in Armour
  7878 | D:8      | Found Muiret's Weapon Boutique.
  8274 | D:9      | Noticed Joseph
  8300 | D:9      | Killed Joseph
  8538 | D:9      | Reached XP level 11. HP: 83/86 MP: 13/13
  8622 | D:9      | Noticed Grum
  8628 | D:9      | Killed Grum
  8782 | D:10     | Entered Level 10 of the Dungeon
  8806 | D:10     | Acquired a manual of Dodging
  8808 | D:10     | Acquired 1060 gold pieces
  8875 | D:10     | Reached ***** piety under Dithmenos
  9586 | D:11     | Noticed a cyan ugly thing
  9611 | D:11     | Killed a cyan ugly thing
  9796 | D:11     | Noticed a white ugly thing
  9807 | D:11     | Killed a white ugly thing
  9807 | D:11     | Reached skill level 5 in Evocations
 10002 | D:11     | Noticed a two-headed ogre
 10015 | D:11     | Killed a two-headed ogre
 10175 | D:11     | Noticed a mana viper
 10190 | D:11     | Killed a mana viper
 10211 | D:11     | Reached skill level 5 in Armour
 10260 | D:11     | Noticed Maurice
 10273 | D:11     | Killed Maurice
 10316 | D:11     | Noticed a tengu warrior
 10330 | D:11     | Killed a tengu warrior
 10556 | D:11     | Found a staircase to the Lair.
 10610 | D:11     | Noticed Urug
 10624 | D:11     | Killed Urug
 10624 | D:11     | Reached skill level 1 in Invocations
 10624 | D:11     | Reached XP level 12. HP: 85/96 MP: 16/16
 10818 | D:12     | Noticed Sonja
 10823 | D:12     | Killed Sonja
 10934 | D:12     | Reached skill level 10 in Stealth
 11082 | D:12     | Noticed Azrael
 11098 | D:12     | Killed Azrael
 11098 | D:12     | Reached skill level 10 in Dodging
 11394 | D:12     | Noticed a two-headed ogre
 11405 | D:12     | Killed a two-headed ogre
 11514 | D:12     | Noticed Josephine
 11522 | D:12     | Killed Josephine
 11572 | D:12     | Reached skill level 5 in Invocations
 11599 | D:12     | Found a staircase to the Orcish Mines.
 11628 | D:12     | Reached ****** piety under Dithmenos
 12319 | D:13     | Found a gate leading to a gauntlet.
 12323 | Gauntlet | Entered a Gauntlet
 12323 | Gauntlet | Found a transporter.
 12326 | Gauntlet | Found a transporter.
 12329 | Gauntlet | Found a transporter.
 12330 | Gauntlet | Found a transporter.
 12353 | Gauntlet | Found a transporter.
 12361 | Gauntlet | Found a transporter.
 12365 | Gauntlet | Found a transporter.
 12382 | Gauntlet | Found a transporter.
 12391 | Gauntlet | Noticed a catoblepas
 12397 | Gauntlet | Noticed a death ooze
 12399 | Gauntlet | Found a transporter.
 12444 | Gauntlet | Found a transporter.
 12448 | Gauntlet | Found a transporter.
 12457 | Gauntlet | Found a transporter.
 12513 | Gauntlet | Noticed a death ooze
 12548 | Gauntlet | Killed a death ooze
 12610 | Gauntlet | Killed a death ooze
 12610 | Gauntlet | Reached skill level 10 in Fighting
 12615 | Gauntlet | Gained mutation: You have hooves in place of feet. [demonic
                  | ancestry]
 12615 | Gauntlet | Reached XP level 13. HP: 68/105 MP: 18/18
 12821 | Gauntlet | Identified the +5 falchion of Paper {pain, rC+ MR+}
 12821 | Gauntlet | Noticed a minotaur
 12846 | Gauntlet | Killed a minotaur
 12856 | Gauntlet | Found the ring of Robustness {AC+8}
 13322 | D:13     | Found Mepuof's Antique Weapon Shoppe.
 13484 | D:13     | Found a gate to the Vaults.
 13702 | D:13     | Found Nuylud's Armour Shoppe.
 13705 | D:13     | Bought the +4 moon troll leather armour {Spirit, Regen++
                  | MP+5} for 708 gold pieces
 13705 | D:13     | Bought the +1 helmet "Wero" {Dex+3} for 296 gold pieces
 13705 | D:13     | Found the +4 moon troll leather armour {Spirit, Regen++
                  | MP+5}
 13736 | D:13     | Learned a level 6 spell: Death Channel
 13887 | Lair:1   | Entered Level 1 of the Lair of Beasts
 13932 | Lair:1   | Reached skill level 1 in Necromancy
 13939 | Lair:1   | Reached skill level 1 in Spellcasting
 14288 | Lair:1   | Found a runed translucent gate.
 14288 | Lair:1   | Found a runed translucent gate.
 14289 | Lair:1   | Found a runed translucent gate.
 14310 | Lair:1   | Noticed stebl's ghost (novice MfGl)
 14314 | Lair:1   | Noticed a minotaur
 14754 | Lair:1   | Killed stebl's ghost
 14782 | Lair:1   | Killed a minotaur
 16932 | Lair:4   | Gained mutation: You regenerate a little health from kills.
                  | [demonic ancestry]
 16932 | Lair:4   | Reached XP level 14. HP: 116/116 MP: 20/20
 17173 | Lair:4   | Found a staircase to the Shoals.
 17296 | Lair:4   | Reached skill level 5 in Necromancy
 17313 | Lair:4   | Found a staircase to the Snake Pit.
 17947 | Lair:5   | Reached skill level 10 in Invocations
 17965 | Lair:5   | Got a faintly glowing cloak
 17976 | Lair:5   | Identified the +2 cloak of Card Tricks {Harm rCorr MP+9}
                  | (You found it on level 5 of the Lair of Beasts)
 18156 | Lair:5   | Found a frozen archway.
 18183 | IceCv    | Entered an ice cave
 18342 | IceCv    | Reached skill level 5 in Spellcasting
 18946 | IceCv    | Noticed a frost giant
 19046 | IceCv    | Killed a frost giant
 19283 | Lair:5   | Found a staircase to the Slime Pits.
 19284 | Lair:5   | Found a viscous altar of Jiyva.
 19574 | Lair:5   | Learned a level 3 spell: Ozocubu's Armour
 19580 | Lair:6   | Entered Level 6 of the Lair of Beasts
 19642 | Lair:6   | Got a silken robe
 19653 | Lair:6   | Identified the cursed +1 robe "Eranug" {Str+3 Int+3} (You
                  | found it on level 6 of the Lair of Beasts)
 19843 | Lair:6   | Noticed Kirke
 19846 | Lair:6   | Killed Kirke
 19846 | Lair:6   | Reached skill level 1 in Ice Magic
 19945 | Lair:6   | Gained mutation: You regenerate health from kills. [demonic
                  | ancestry]
 19945 | Lair:6   | Reached XP level 15. HP: 111/123 MP: 23/23
 20513 | Lair:6   | Found a large runed translucent door.
 20514 | Lair:6   | Found a large runed translucent door.
 21232 | Shoals:1 | Entered Level 1 of the Shoals
 22462 | Shoals:2 | Noticed Ilsuiw
 22569 | Shoals:2 | Killed Ilsuiw
 23304 | Shoals:3 | Gained mutation: Your flesh is heat resistant. (rF+)
                  | [demonic ancestry]
 23304 | Shoals:3 | Reached XP level 16. HP: 130/130 MP: 27/27
 23375 | Shoals:3 | Found Affeef's Weapon Emporium.
 23379 | Shoals:3 | Noticed Polyphemus
 23403 | Shoals:3 | Reached skill level 5 in Ice Magic
 23419 | Shoals:3 | Killed Polyphemus
 23584 | Shoals:3 | Found Ijotsif's Gadget Shop.
 23656 | Shoals:3 | Bought a wand of acid (9) for 416 gold pieces
 23656 | Shoals:3 | Bought a phantom mirror for 480 gold pieces
 23721 | Shoals:3 | Found Kumemm's Armour Shoppe.
 24054 | Shoals:4 | Entered Level 4 of the Shoals
 24054 | Shoals:4 | Noticed Aizul
 24064 | Shoals:4 | Killed Aizul
 24191 | Shoals:4 | Reached skill level 10 in Necromancy
 24197 | Shoals:4 | Reached skill level 15 in Dodging
 24319 | Shoals:4 | Noticed Louise
 24339 | Shoals:4 | Cast into level 3 of the Abyss (Louise)
 24575 | Abyss:3  | Noticed a tentacled starspawn
 24590 | Abyss:3  | Killed a tentacled starspawn
 24593 | Abyss:3  | Gained mutation: You do not regenerate when monsters are
                  | visible. [a neqoxec]
 24802 | Abyss:3  | Noticed a bone dragon
 24867 | Abyss:3  | Killed a bone dragon
 24875 | Shoals:4 | Escaped the Abyss
 25025 | Shoals:4 | Killed Louise
 25319 | Shoals:4 | Got a barnacled rune of Zot
 25683 | Shoals:4 | Reached XP level 17. HP: 45/136 MP: 16/30
 26445 | Snake:1  | Entered Level 1 of the Snake Pit
 29148 | Snake:3  | Gained mutation: You are immune to clouds of flame.
                  | [demonic ancestry]
 29148 | Snake:3  | Reached XP level 18. HP: 109/144 MP: 31/31
 29480 | Snake:4  | Entered Level 4 of the Snake Pit
 29517 | Snake:4  | Reached skill level 15 in Stealth
 29534 | Snake:4  | Reached skill level 10 in Ice Magic
 29696 | Snake:4  | Found Moedogy's Magic Scroll Emporium.
 29711 | Snake:4  | Bought a scroll of acquirement for 1040 gold pieces
 29711 | Snake:4  | Bought 2 scrolls of blinking for 300 gold pieces
 29711 | Snake:4  | Acquired 1060 gold pieces
 29956 | Snake:4  | HP: 6/144 [naga sharpshooter/bolt (13)]
 30596 | Snake:4  | Got a serpentine rune of Zot
 31588 | Orc:1    | Entered Level 1 of the Orcish Mines
 31761 | Orc:2    | Entered Level 2 of the Orcish Mines
 31807 | Orc:2    | Found a staircase to the Elven Halls.
 31995 | Orc:2    | Found Koboniug's Armour Boutique.
 31995 | Orc:2    | Found Xora Or Zysh's Book Shoppe.
 31995 | Orc:2    | Found Icoluoma's Magic Scroll Emporium.
 32024 | Orc:2    | Found Exoneze's Antique Weapon Shop.
 32082 | Orc:2    | Bought a scroll of blinking for 127 gold pieces
 32082 | Orc:2    | Bought a scroll of teleportation for 51 gold pieces
 32082 | Orc:2    | Bought a scroll of teleportation for 51 gold pieces
 32131 | Orc:2    | Reached XP level 19. HP: 144/150 MP: 32/32
 32944 | Orc:1    | Reached skill level 15 in Necromancy
 33011 | Orc:1    | Found a roughly hewn altar of Beogh.
 33169 | Orc:1    | Found Iblepie's Book Emporium.
 33172 | Orc:1    | Bought a book of Misfortune for 340 gold pieces
 33176 | Orc:1    | Learned a level 3 spell: Confusing Touch
 33182 | Orc:1    | Learned a level 5 spell: Borgnjor's Vile Clutch
 33485 | D:13     | Found Cepif's Food Emporium.
 33995 | D:14     | Reached skill level 1 in Hexes
 34267 | D:14     | Found an ancient bone altar of Kikubaaqudgha.
 34701 | D:15     | Entered Level 15 of the Dungeon
 34959 | D:15     | Found a staircase to the Depths.
 35419 | D:15     | Found a sacrificial altar of Ru.
 35630 | Depths:1 | Entered Level 1 of the Depths
 35748 | Depths:1 | Found a gateway to Hell.
 35801 | Hell     | Entered the Vestibule of Hell
 36023 | Depths:1 | Found a shattered altar of Ashenzari.
 36130 | Depths:1 | Paralysed by a floating eye for 4 turns
 36311 | Depths:1 | Reached skill level 10 in Short Blades
 36648 | Depths:1 | You fall into a shaft and drop 1 floor!
 36673 | Depths:2 | Acquired the amulet of Faimi {RegenMP MR+++ Str+4 Dex-3}
 36684 | Depths:2 | Acquired the ring of Divine Compulsion {*Drain +Inv rPois
                  | AC+4 Int-3 Slay+5}
 36688 | Depths:2 | Acquired 590 gold pieces
 36837 | Depths:2 | Reached skill level 5 in Hexes
 36969 | Depths:2 | Found a bloodstained altar of Trog.
 37445 | Depths:2 | Noticed the Enchantress
 37459 | Depths:2 | Noticed Bai Suzhen
 37466 | Depths:2 | Killed the Enchantress
 37472 | Depths:2 | Reached XP level 20. HP: 93/160 MP: 33/33
 37505 | Depths:2 | Killed Bai Suzhen
 38253 | Depths:2 | Identified the cursed +1 chain mail "Kosirph" {MP+9 Str+4
                  | Int+3}
 38298 | Depths:2 | Got an ominously black robe
 38309 | Depths:2 | Identified the +1 robe "Forget-Me-Not" {Dex-4 Slay+5} (You
                  | found it on level 2 of the Depths)
 38785 | Depths:1 | Got a wizard robe
 38796 | Depths:1 | Identified the +0 robe "Gygh" {rF++ rC+} (You found it on
                  | level 1 of the Depths)
 38867 | Depths:1 | Found a radiant altar of Vehumet.
 38876 | Depths:1 | Found the +2 hat of the Bear Spirit {Spirit, +Rage rN+
                  | MR++}
 39008 | Depths:1 | Got a heavily runed hat
 39019 | Depths:1 | Identified the +1 hat "Cesch" {rC- Int+4 Dex+4} (You found
                  | it on level 1 of the Depths)
 39170 | Depths:1 | Found a one-way gate leading to the halls of Pandemonium.
 39427 | Depths:3 | Found a one-way gate to the infinite horrors of the Abyss.
 39429 | Depths:3 | Noticed Mara
 39434 | Depths:3 | Killed Mara
 39666 | Depths:3 | Noticed Sojobo
 39707 | Depths:3 | Killed Sojobo
 40219 | Depths:3 | HP: 8/163 [spriggan rider/+0 spear (6)]
 40784 | Elf:1    | Entered Level 1 of the Elven Halls
 40815 | Elf:1    | Reached skill level 1 in Earth Magic
 40826 | Elf:1    | Noticed Roxanne
 40846 | Elf:1    | Killed Roxanne
 40888 | Elf:1    | Noticed Nikola
 41288 | Elf:1    | Killed Nikola
 41565 | Elf:1    | Found Futruw's Gadget Shop.
 41572 | Elf:1    | Bought a wand of acid (10) for 364 gold pieces
 41739 | Elf:1    | Gained mutation: You are mostly covered in rugged brown
                  | scales. (AC +2, +5% HP) [demonic ancestry]
 41739 | Elf:1    | Reached XP level 21. HP: 164/174 MP: 34/34
 42559 | Elf:2    | Reached skill level 10 in Evocations
 42912 | Elf:2    | Found a runed translucent gate.
 42912 | Elf:2    | Found a runed translucent gate.
 42913 | Elf:2    | Found a runed translucent gate.
 43121 | Elf:2    | Noticed Agnes
 43127 | Elf:2    | Killed Agnes
 43152 | Elf:2    | Identified the ring "Voaxzam" {MR+ Dex+4 Stlth-}
 43707 | Elf:2    | Reached skill level 15 in Fighting
 43881 | Elf:3    | Entered Level 3 of the Elven Halls
 43954 | Elf:3    | Identified the +5 war axe "Unetwes" {vorpal, MR+}
 44142 | Elf:3    | Found Jetric's Distillery.
 44145 | Elf:3    | Bought a potion of curing for 42 gold pieces
 44145 | Elf:3    | Bought a potion of heal wounds for 70 gold pieces
 44145 | Elf:3    | Bought a potion of heal wounds for 70 gold pieces
 44145 | Elf:3    | Bought a potion of stabbing for 56 gold pieces
 44145 | Elf:3    | Bought a potion of heal wounds for 70 gold pieces
 44563 | Elf:3    | Got a shimmering halberd
 44564 | Elf:3    | Identified the +6 halberd "Mefod" {pain, rN++ MR- Str+4
                  | SInv} (You found it on level 3 of the Elven Halls)
 45086 | Elf:2    | Learned a level 3 spell: Portal Projectile
 45195 | Elf:3    | Reached skill level 1 in Translocations
 45269 | Elf:3    | Identified the cursed ring of Xom's Capriciousness {rN+
                  | Str-4}
 45316 | Elf:3    | Identified the cursed +0 plate armour of the Hidden Vale
                  | {rN+ Int+2 Dex+2}
 45342 | Elf:3    | Identified the ring "Akhlam" {Ice +Blink Dex+6}
 45373 | Elf:3    | Gained mutation: You are completely covered in rugged brown
                  | scales. (AC +3, +7% HP) [demonic ancestry]
 45373 | Elf:3    | Reached XP level 22. HP: 104/188 MP: 35/35
 45531 | Elf:3    | Got a smoking spear
 45532 | Elf:3    | Identified the cursed +2 spear of Jirule {venom, rPois}
                  | (You found it on level 3 of the Elven Halls)
 45613 | Elf:3    | Found the +6 lightning scales {run, rElec}
 45614 | Elf:3    | Found the +8 demon blade "Leech" {vamp, *Rage +Rage rN+}
 45631 | Elf:3    | Got a pair of fading gloves
 45637 | Elf:3    | Identified the +1 pair of gloves of Coheucys {rElec} (You
                  | found it on level 3 of the Elven Halls)
 45654 | Elf:3    | Got a faintly glowing spear
 45654 | Elf:3    | Identified the +3 spear of Impeachment {flame, Fragile +Inv
                  | SInv} (You found it on level 3 of the Elven Halls)
 45688 | Elf:3    | Got a fine mace
 45688 | Elf:3    | Identified the +5 mace "Vadebry" {antimagic, Dex+2} (You
                  | found it on level 3 of the Elven Halls)
 45802 | Elf:3    | Got a sparkling pewter ring
 45804 | Elf:3    | Identified the ring "Gatinouv" {Int+4 Stlth-} (You found it
                  | on level 3 of the Elven Halls)
 45815 | Elf:3    | Got a pitted trident
 45815 | Elf:3    | Identified the +9 trident of Circularity {speed, rPois}
                  | (You found it on level 3 of the Elven Halls)
 46716 | Depths:3 | Noticed a caustic shrike
 46716 | Depths:3 | Noticed a caustic shrike
 46718 | Depths:3 | Killed a caustic shrike
 46719 | Depths:3 | Killed a caustic shrike
 47290 | Depths:4 | Reached skill level 5 in Translocations
 47857 | Slime:1  | Entered Level 1 of the Pits of Slime
 47927 | Slime:2  | Found a viscous altar of Jiyva.
 48111 | Slime:5  | Entered Level 5 of the Pits of Slime
 48133 | Slime:5  | Gained mutation: You are somewhat resistant to further
                  | mutation. [a shining eye]
 48211 | Slime:5  | Found a viscous altar of Jiyva.
 48213 | Slime:5  | Noticed the Royal Jelly
 48229 | Slime:5  | Killed the Royal Jelly
 49101 | Slime:5  | Identified the Tome of the Desert
 49149 | Slime:5  | Lost mutation: You do not regenerate when monsters are
                  | visible. [potion of mutation]
 49149 | Slime:5  | Lost mutation: You are somewhat resistant to further
                  | mutation. [potion of mutation]
 49149 | Slime:5  | Gained mutation: Your spells are a little easier to cast,
                  | but a little less powerful. [potion of mutation]
 49149 | Slime:5  | Lost mutation: Your spells are a little easier to cast, but
                  | a little less powerful. [potion of mutation]
 49169 | Slime:5  | Got a warped brass ring
 49171 | Slime:5  | Identified the ring of Generosity {rPois Int+4 Dex+3
                  | Stlth-} (You found it on level 5 of the Pits of Slime)
 49240 | Slime:5  | Got a slimy rune of Zot
 49308 | Slime:5  | Got a polished broad axe
 49308 | Slime:5  | Identified the +5 broad axe of the Coin {drain, rPois rN+}
                  | (You found it on level 5 of the Pits of Slime)
 49313 | Slime:5  | Got a smoking crystal amulet
 49316 | Slime:5  | Identified the amulet of Osafeimn {Faith +Inv rElec Slay+5
                  | Stlth-} (You found it on level 5 of the Pits of Slime)
 49467 | Slime:5  | Identified the +8 falchion of Midwinter {holy, MR+ Str+7
                  | Int-2 SInv} (You found it on level 5 of the Pits of Slime)
 50385 | Depths:4 | Found a corrupted altar of Lugonu.
 50464 | Depths:4 | Found a glowing golden altar of the Shining One.
 50601 | Depths:4 | Gained mutation: You are completely attuned to the shadows.
                  | [demonic ancestry]
 50601 | Depths:4 | Reached XP level 23. HP: 198/198 MP: 36/36
 50788 | Depths:5 | Entered Level 5 of the Depths
 51166 | Hell     | Noticed Geryon
 51649 | Depths:5 | Found a gate to the Realm of Zot.
 51909 | Depths:5 | Noticed a caustic shrike
 51910 | Depths:5 | Noticed a caustic shrike
 51913 | Depths:5 | Noticed a caustic shrike
 51915 | Depths:5 | Noticed a caustic shrike
 51918 | Depths:5 | Noticed a caustic shrike
 51921 | Depths:5 | Killed a caustic shrike
 51926 | Depths:5 | Killed a caustic shrike
 51930 | Depths:5 | Killed a caustic shrike
 51936 | Depths:5 | Killed a caustic shrike
 51940 | Depths:5 | Killed a caustic shrike
 51982 | Depths:5 | Found Losuse's Weapon Shoppe.
 52103 | Depths:5 | Found a gateway to a ziggurat.
 52545 | Vaults:1 | Entered Level 1 of the Vaults
 54058 | Vaults:2 | Cast into level 4 of the Abyss (vault warden)
 54094 | Abyss:4  | Found a corrupted altar of Lugonu.
 54261 | Abyss:4  | Found a corrupted altar of Lugonu.
 54361 | Abyss:4  | Found a corrupted altar of Lugonu.
 54366 | Abyss:4  | Got an abyssal rune of Zot
 54379 | Abyss:4  | Gained mutation: You can hurl damnation. [demonic ancestry]
 54379 | Abyss:4  | Reached XP level 24. HP: 200/208 MP: 34/36
 54401 | Vaults:2 | Escaped the Abyss
 54614 | Vaults:2 | Found a staircase to the Crypt.
 54836 | Vaults:2 | Identified the +1 leather armour of the Constellations {MR+
                  | Str+3 Int+2}
 55745 | Vaults:3 | Noticed Xtahua
 55750 | Vaults:3 | Killed Xtahua
 55805 | Vaults:3 | Noticed Frederick
 55817 | Vaults:3 | Killed Frederick
 55885 | Vaults:3 | You fall into a shaft and drop 1 floor!
 55928 | Vaults:4 | Reached skill level 15 in Evocations
 56262 | Vaults:4 | Found Moudumul's Distillery.
 56314 | Vaults:4 | Bought a potion of heal wounds for 100 gold pieces
 56314 | Vaults:4 | Bought a potion of curing for 60 gold pieces
 56314 | Vaults:4 | Bought a potion of curing for 60 gold pieces
 56314 | Vaults:4 | Bought a potion of mutation for 160 gold pieces
 56411 | Vaults:4 | Found a portal to a secret trove of treasure.
 56529 | Vaults:4 | Learned a level 2 spell: Shroud of Golubria
 56532 | Vaults:4 | Learned a level 2 spell: Song of Slaying
 56810 | Vaults:4 | Reached skill level 1 in Charms
 57523 | Vaults:5 | Entered Level 5 of the Vaults
 57576 | Vaults:5 | Gained mutation: You regenerate a lot of health from kills.
                  | [demonic ancestry]
 57576 | Vaults:5 | Reached XP level 25. HP: 219/219 MP: 34/36
 57747 | Vaults:5 | Got a faintly glowing lapis lazuli ring
 57747 | Vaults:5 | Identified the +4 eveningstar "Qiops" {vorpal, MR+ Int+2}
 57817 | Vaults:5 | Reached skill level 5 in Charms
 58112 | Vaults:5 | Identified the ring "Poxzeute" {rPois rN+ Dex+3 SInv} (You
                  | found it on level 5 of the Vaults)
 58178 | Vaults:5 | Identified Sif Muna's Catalogue of the Escort
 58231 | Vaults:5 | Noticed an ancient lich
 58232 | Vaults:5 | Killed an ancient lich
 58249 | Vaults:5 | Noticed an ancient lich
 58251 | Vaults:5 | Killed an ancient lich
 58430 | Vaults:5 | Got a brightly glowing scale mail
 58441 | Vaults:5 | Identified the +0 scale mail of Fiebef {Slay+3} (You found
                  | it on level 5 of the Vaults)
 59299 | Vaults:5 | Noticed Jory
 59317 | Vaults:5 | Killed Jory
 59450 | Vaults:5 | Got a translucent chain mail
 59461 | Vaults:5 | Identified the +7 chain mail of the Ancient Cities {Str+2
                  | Int-2 Dex+3} (You found it on level 5 of the Vaults)
 59716 | Vaults:5 | Got a silver rune of Zot
 60096 | Vaults:3 | Reached XP level 26. HP: 231/231 MP: 36/36
 60623 | Crypt:1  | Entered Level 1 of the Crypt
 60862 | Crypt:1  | Got a fading great sword
 60862 | Crypt:1  | Identified the +12 great sword of Vael {venom, MR+ Str+4
                  | Dex+4} (You found it on level 1 of the Crypt)
 61092 | Crypt:1  | You fall into a shaft and drop 1 floor!
 61156 | Crypt:2  | Noticed Khufu
 61171 | Crypt:2  | Killed Khufu
 61427 | Crypt:2  | Got a slimy trident
 61427 | Crypt:2  | Identified the +11 trident of the Distant Future {vorpal,
                  | Fragile rPois Stlth+} (You found it on level 2 of the
                  | Crypt)
 61620 | Crypt:3  | Entered Level 3 of the Crypt
 62044 | Crypt:3  | Got a distressingly furry buckler
 62050 | Crypt:3  | Identified the +1 buckler "Ocvon" {rElec rC+ rN+} (You
                  | found it on level 3 of the Crypt)
 62281 | Crypt:3  | Found a basalt altar of Yredelemnul.
 62471 | Crypt:3  | Found the +6 shillelagh "Devastator" {shatter}
 62520 | Crypt:3  | Got an iridescent trident
 62521 | Crypt:3  | Identified the +3 trident "Piahig" {antimagic, Int+3 Dex+4}
                  | (You found it on level 3 of the Crypt)
 62835 | Crypt:3  | Found the +12 Vampire's Tooth {vamp}
 62835 | Crypt:3  | Found a staircase to the Tomb.
 62915 | Tomb:1   | Entered Level 1 of the Tomb of the Ancients
 63543 | Tomb:1   | Noticed a greater mummy
 63558 | Tomb:1   | Killed a greater mummy
 63704 | Tomb:1   | Noticed a greater mummy
 63720 | Tomb:1   | Killed a greater mummy
 63762 | Tomb:1   | Learned a level 2 spell: Blink
 64037 | Tomb:2   | Noticed a greater mummy
 64047 | Tomb:2   | Reached XP level 27. HP: 220/237 MP: 36/36
 64053 | Tomb:2   | Noticed a greater mummy
 64100 | Tomb:2   | Killed a greater mummy
 64218 | Tomb:2   | Killed a greater mummy
 64219 | Tomb:2   | Noticed a greater mummy
 64228 | Tomb:2   | Killed a greater mummy
 64303 | Tomb:2   | Noticed a greater mummy
 64315 | Tomb:2   | Killed a greater mummy
 64591 | Tomb:2   | Found the +8 Wrath of Trog {antimagic, *Rage}
 64745 | Tomb:1   | Noticed a greater mummy
 64745 | Tomb:1   | Noticed a greater mummy
 64755 | Tomb:1   | Noticed a greater mummy
 64758 | Tomb:1   | Killed a greater mummy
 64762 | Tomb:1   | Noticed a greater mummy
 64762 | Tomb:1   | Noticed a greater mummy
 64767 | Tomb:1   | Killed a greater mummy
 64770 | Tomb:1   | Noticed a greater mummy
 64782 | Tomb:1   | Noticed a greater mummy
 64793 | Tomb:1   | Killed a greater mummy
 64808 | Tomb:1   | Killed a greater mummy
 65064 | Tomb:1   | Noticed a greater mummy
 65072 | Tomb:1   | Noticed a greater mummy
 65074 | Tomb:1   | Killed a greater mummy
 65095 | Tomb:1   | Killed a greater mummy
 65377 | Tomb:1   | Killed a greater mummy
 65390 | Tomb:1   | Killed a greater mummy
 65400 | Tomb:1   | Killed a greater mummy
 65446 | Tomb:1   | Noticed a greater mummy
 65461 | Tomb:1   | Killed a greater mummy
 65461 | Tomb:1   | Reached skill level 10 in Hexes
 65560 | Tomb:1   | Noticed a greater mummy
 65569 | Tomb:1   | Killed a greater mummy
 65619 | Tomb:1   | Noticed a greater mummy
 65631 | Tomb:1   | Killed a greater mummy
 65670 | Tomb:1   | Noticed a greater mummy
 65672 | Tomb:1   | Noticed a greater mummy
 65673 | Tomb:1   | Noticed a greater mummy
 65673 | Tomb:1   | Noticed a greater mummy
 65674 | Tomb:1   | Noticed a greater mummy
 65677 | Tomb:1   | Noticed a greater mummy
 66009 | Tomb:1   | Noticed a greater mummy
 66021 | Tomb:1   | Killed a greater mummy
 66027 | Tomb:1   | Noticed a greater mummy
 66031 | Tomb:1   | Killed a greater mummy
 66043 | Tomb:1   | Killed a greater mummy
 66249 | Tomb:1   | Killed a greater mummy
 66284 | Tomb:1   | Noticed a greater mummy
 66288 | Tomb:1   | Noticed a greater mummy
 66288 | Tomb:1   | Noticed a greater mummy
 66288 | Tomb:1   | Noticed a greater mummy
 66327 | Tomb:1   | Killed a greater mummy
 66348 | Tomb:1   | Killed a greater mummy
 66369 | Tomb:1   | Killed a greater mummy
 66480 | Tomb:1   | Noticed a greater mummy
 66490 | Tomb:1   | Killed a greater mummy
 66503 | Tomb:1   | Killed a greater mummy
 66508 | Tomb:1   | Noticed a greater mummy
 66518 | Tomb:1   | Killed a greater mummy
 66539 | Tomb:1   | Killed a greater mummy
 66687 | Tomb:1   | Killed a greater mummy
 66703 | Tomb:1   | Killed a greater mummy
 66706 | Tomb:1   | Noticed a greater mummy
 66734 | Tomb:1   | Killed a greater mummy
 67130 | Tomb:3   | Entered Level 3 of the Tomb of the Ancients
 67200 | Tomb:3   | Noticed a greater mummy
 67200 | Tomb:3   | Noticed a greater mummy
 67200 | Tomb:3   | Noticed a greater mummy
 67250 | Tomb:3   | Killed a greater mummy
 67274 | Tomb:3   | Killed a greater mummy
 67309 | Tomb:3   | Noticed a greater mummy
 67320 | Tomb:3   | Killed a greater mummy
 67532 | Tomb:3   | Noticed a greater mummy
 67543 | Tomb:3   | Killed a greater mummy
 67603 | Tomb:3   | Noticed a greater mummy
 67611 | Tomb:3   | Killed a greater mummy
 67668 | Tomb:3   | Killed a greater mummy
 67708 | Tomb:3   | Noticed a greater mummy
 67730 | Tomb:3   | Got a golden rune of Zot
 67994 | Tomb:3   | Noticed a greater mummy
 68011 | Tomb:3   | Killed a greater mummy
 68042 | Tomb:3   | Noticed a greater mummy
 68057 | Tomb:3   | Killed a greater mummy
 68218 | Tomb:3   | Killed a greater mummy
 68342 | Tomb:3   | Found the +8 trident of the Octopus King {venom, rElec
                  | rPois MR+}
 68670 | Tomb:3   | Identified the +8 falchion of Instinct {distort, rN+ Dex+3}
                  | (You found it on level 3 of the Tomb of the Ancients)
 68672 | Tomb:3   | Identified the +11 spear "Xeummosi" {flame, *Slow rF+ Str+3
                  | Dex+3} (You found it on level 3 of the Tomb of the
                  | Ancients)
 68675 | Tomb:3   | Found the +6 Majin-Bo {vamp, Archmagi MP+6 Int+6}
 68696 | Tomb:3   | Identified the Papyrus of Flames and Orientation
 68704 | Tomb:3   | Identified the amulet "Loefiarph" {RegenMP Str+7 Int+4}
                  | (You found it on level 3 of the Tomb of the Ancients)
 68757 | Tomb:3   | Got a fine triple crossbow
 68758 | Tomb:3   | Identified the +8 triple crossbow of Kismet {freeze, rF+
                  | MR+ Str-3 Int+4} (You found it on level 3 of the Tomb of
                  | the Ancients)
 68809 | Tomb:3   | Learned a level 5 spell: Silence
 69913 | Hell     | Killed Geryon
 70270 | Vaults:4 | You paid a toll of the horn of Geryon to enter a treasure
                  | trove
 70271 | Trove    | Entered a treasure trove
 70277 | Trove    | Got a clouded pewter ring
 70281 | Trove    | Identified the ring of Xom's Bemusement {Slay+2 Stlth+}
                  | (You found it in a treasure trove)
 70288 | Trove    | Identified the ring of Epenluj {*Slow rElec MR++ Slay+4
                  | SInv} (You found it in a treasure trove)
 70312 | Trove    | Got a wavering wooden ring
 70318 | Trove    | Identified the ring "Zeicux" {rElec rC- rCorr Dex+2 SInv}
                  | (You found it in a treasure trove)
 70334 | Trove    | Got a vibrating golden amulet
 70340 | Trove    | Got a faintly glowing ivory ring
 70344 | Trove    | Identified the amulet "Gaklaacw" {Faith rPois rF+ SInv}
                  | (You found it in a treasure trove)
 70364 | Trove    | Identified the ring "Sotaweh" {rC++ Int+4} (You found it in
                  | a treasure trove)
 70369 | Trove    | Got a heavily runed amber ring
 70372 | Trove    | Got a crude bronze ring
 70382 | Trove    | Identified the ring "Nadus" {rPois Dex+4} (You found it in
                  | a treasure trove)
 70384 | Trove    | Identified the ring of Kepokih {rF+ rC+ MR- Int+8 Dex+3}
                  | (You found it in a treasure trove)
 70871 | Hell     | Noticed Murray
 70902 | Hell     | Killed Murray
 71113 | Hell     | Found a gateway to the freezing wastes of Cocytus.
 71226 | Hell     | Found a gateway to the Iron City of Dis.
 71296 | Hell     | Found a gateway to the ashen valley of Gehenna.
 71432 | Hell     | Found a gateway to the decaying netherworld of Tartarus.
 71532 | Geh:1    | Entered Level 1 of Gehenna
 72408 | Geh:1    | Reached skill level 15 in Short Blades
 72697 | Geh:2    | Reached skill level 10 in Spellcasting
 75018 | Geh:5    | You fall into a shaft and drop 1 floor!
 75750 | Geh:7    | Entered Level 7 of Gehenna
 76290 | Geh:7    | Got a buzzing war axe
 76760 | Geh:7    | Learned a level 2 spell: Swiftness
 76804 | Geh:7    | Identified the +7 sceptre of Asmodeus
 76804 | Geh:7    | Noticed Asmodeus
 76815 | Geh:7    | HP: 10/249 [hellion/damnation[Asmodeus] (33)]
 77049 | Geh:7    | Learned a level 1 spell: Summon Butterflies
 77289 | Geh:7    | Identified the ring of Qiehot {rPois MP+9 Str+10 Int-4
                  | Dex-3}
 77326 | Geh:7    | HP: 8/249 [Brimstone Fiend/damnation[Asmodeus] (36)]
 77657 | Geh:7    | Killed Asmodeus
 77702 | Geh:7    | Found the +7 great mace "Undeadhunter" {disrupt, rN+}
 77702 | Geh:7    | Found the ring of the Octopus King
 77780 | Geh:7    | Got a ring of the Octopus King
 77783 | Geh:7    | Identified a ring of the Octopus King {AC+1 EV+1 Str+1
                  | Int+1 Dex+1 SInv} (You found it on level 7 of Gehenna)
 77792 | Geh:7    | Got a scintillating pewter ring
 77794 | Geh:7    | Identified the ring "Nukhlawar" {Ice *Corrode rN+++} (You
                  | found it on level 7 of Gehenna)
 77808 | Geh:7    | Got an obsidian rune of Zot
 78212 | Pan      | Entered Pandemonium
 78249 | Pan      | Reached skill level 1 in Summonings
 78278 | Pan      | Learned a level 6 spell: Darkness
 78936 | Pan      | Noticed Coric the pandemonium lord
 78971 | Pan      | Killed Coric the pandemonium lord
 79482 | Pan      | Noticed Viulatyp the pandemonium lord
 79508 | Pan      | Killed Viulatyp the pandemonium lord
 80334 | Pan      | Noticed Taskeycu the pandemonium lord
 80346 | Pan      | Killed Taskeycu the pandemonium lord
 80807 | Pan      | Found an exit through the horrors of the Abyss.
 81265 | Pan      | Reached skill level 5 in Summonings
 81470 | Pan      | Noticed Urghoasoe the pandemonium lord
 81491 | Pan      | Killed Urghoasoe the pandemonium lord
 82380 | Pan      | Noticed Orrez the pandemonium lord
 82394 | Pan      | Killed Orrez the pandemonium lord
 82621 | Pan      | Acquired a Necronomicon
 82644 | Pan      | Learned a level 8 spell: Necromutation
 83176 | Pan      | Found an exit through the horrors of the Abyss.
 83193 | Pan      | Noticed Xiogughy the pandemonium lord
 83205 | Pan      | Killed Xiogughy the pandemonium lord
 83205 | Pan      | Reached skill level 1 in Transmutations
 83216 | Pan      | HP: 3/251 [Ice Fiend/bolt of cold (28)]
 84341 | Pan      | Noticed Piphuah the pandemonium lord
 84352 | Pan      | Killed Piphuah the pandemonium lord
 85194 | Pan      | Noticed Quthyrim the pandemonium lord
 85457 | Pan      | Acquired 3180 gold pieces
 85679 | Pan      | Killed Quthyrim the pandemonium lord
 85718 | Pan      | Got a demonic rune of Zot
 85721 | Pan      | Identified the Grimoire of the Seventy-Seven Geomancers
 85737 | Pan      | Got a flickering amber ring
 85738 | Pan      | Identified the ring "Biasitwo" {rF++ rN+ Str+4 Int-3} (You
                  | found it in Pandemonium)
 86043 | Pan      | Reached skill level 5 in Transmutations
 86087 | Pan      | Noticed Tuseb the pandemonium lord
 86138 | Pan      | Killed Tuseb the pandemonium lord
 86714 | Pan      | Entered the realm of Cerebov.
 86785 | Pan      | Identified the +6 sword of Cerebov {flame}
 86785 | Pan      | Noticed Cerebov
 86832 | Pan      | Killed Cerebov
 86832 | Pan      | Reached skill level 10 in Charms
 86954 | Pan      | Got a fiery rune of Zot
 87009 | Pan      | Identified the Volume of Harmful Transformation
 87014 | Pan      | Identified the ring of Unikh {rElec MR- Str+6 Dex+4 Stlth+}
                  | (You found it in Pandemonium)
 87291 | Pan      | Gained mutation: Potions are less effective at restoring
                  | your health. [a neqoxec]
 87304 | Pan      | Reached skill level 1 in Air Magic
 87307 | Pan      | Noticed Cuakh the pandemonium lord
 87326 | Pan      | Killed Cuakh the pandemonium lord
 87335 | Pan      | Gained mutation: Your magical capacity is low. (-10% MP) [a
                  | cacodemon]
 87883 | Pan      | Identified the +6 great sword of the Wizarding Enemy
                  | {flame, *Drain Str+4} (You found it in Pandemonium)
 88106 | Pan      | Noticed Oblidgh the pandemonium lord
 88117 | Pan      | Killed Oblidgh the pandemonium lord
 88274 | Pan      | Reached skill level 15 in Spellcasting
 88312 | Pan      | Noticed Xelaas the pandemonium lord
 88336 | Pan      | Killed Xelaas the pandemonium lord
 88348 | Pan      | Identified the +7 chain mail of the Present {*Corrode rPois
                  | rC+ Int+2}
 88726 | Pan      | Found a runed translucent door.
 88736 | Pan      | Entered the realm of Gloorx Vloq.
 88893 | Pan      | Reached skill level 5 in Air Magic
 89638 | Pan      | Noticed Gloorx Vloq
 89648 | Pan      | Killed Gloorx Vloq
 89658 | Pan      | Got a dark rune of Zot
 89792 | Pan      | Entered the realm of Mnoleg.
 90121 | Pan      | Gained mutation: You tend to lose your temper in combat. [a
                  | cacodemon]
 90204 | Pan      | Noticed Mnoleg
 90212 | Pan      | Paralysed by a floating eye for 2 turns
 90221 | Pan      | Killed Mnoleg
 90223 | Pan      | Gained mutation: Your body sometimes deteriorates upon
                  | taking damage. [a cacodemon]
 90376 | Pan      | Got a glowing rune of Zot
 90415 | Pan      | Gained mutation: You have a pair of small horns on your
                  | head. [a neqoxec]
 90512 | Pan      | Gained mutation: You occasionally shout uncontrollably at
                  | your foes. [a cacodemon]
 90557 | Pan      | Gained mutation: You are frail. (-10% HP) [a neqoxec]
 90693 | Pan      | Noticed Jikh the pandemonium lord
 90710 | Pan      | Killed Jikh the pandemonium lord
 90911 | Pan      | Found an exit through the horrors of the Abyss.
 91166 | Pan      | Reached skill level 10 in Transmutations
 91515 | Pan      | Lost mutation: You have a pair of small horns on your head.
                  | [potion of mutation]
 91515 | Pan      | Lost mutation: Your magical capacity is low. (-10% MP)
                  | [potion of mutation]
 91515 | Pan      | Lost mutation: Potions are less effective at restoring your
                  | health. [potion of mutation]
 91515 | Pan      | Gained mutation: You have a pair of small horns on your
                  | head. [potion of mutation]
 91515 | Pan      | Gained mutation: You are somewhat resistant to further
                  | mutation. [potion of mutation]
 91516 | Pan      | Lost mutation: You are somewhat resistant to further
                  | mutation. [potion of mutation]
 91516 | Pan      | Lost mutation: Your body sometimes deteriorates upon taking
                  | damage. [potion of mutation]
 91516 | Pan      | Gained mutation: You are covered in fur. (AC +1) [potion of
                  | mutation]
 91516 | Pan      | Gained mutation: You are occasionally teleported next to
                  | monsters. [potion of mutation]
 91516 | Pan      | Gained mutation: You expend magic power (3 MP) to
                  | strengthen your wands. [potion of mutation]
 91517 | Pan      | Lost mutation: You expend magic power (3 MP) to strengthen
                  | your wands. [potion of mutation]
 91517 | Pan      | Lost mutation: You are frail. (-10% HP) [potion of
                  | mutation]
 91517 | Pan      | Lost mutation: You occasionally shout uncontrollably at
                  | your foes. [potion of mutation]
 91517 | Pan      | Lost mutation: You tend to lose your temper in combat.
                  | [potion of mutation]
 91517 | Pan      | Gained mutation: You are resistant to hostile enchantments.
                  | (MR+) [potion of mutation]
 91517 | Pan      | Gained mutation: You can translocate small distances at
                  | will. [potion of mutation]
 91517 | Pan      | Gained mutation: Your flesh is cold resistant. (rC+)
                  | [potion of mutation]
 92178 | Pan      | Noticed Nithrolo the pandemonium lord
 92189 | Pan      | Killed Nithrolo the pandemonium lord
 92397 | Pan      | Entered the realm of Lom Lobon.
 92496 | Pan      | Found an exit through the horrors of the Abyss.
 92836 | Pan      | Noticed Lom Lobon
 92840 | Pan      | Killed Lom Lobon
 92877 | Pan      | Got a magical rune of Zot
 93215 | Pan      | Identified the +0 arbalest of Mana {vorpal, Str+4 SInv}
                  | (You found it in Pandemonium)
 93916 | Pan      | Found a runed translucent door.
 94466 | Pan      | Noticed Wironoig the pandemonium lord
 94470 | Pan      | Killed Wironoig the pandemonium lord
 94474 | Depths:3 | Escaped Pandemonium
 94562 | Dis:1    | Entered Level 1 of the Iron City of Dis
 98306 | Dis:7    | Entered Level 7 of the Iron City of Dis
 99127 | Dis:7    | Identified the +4 staff of Dispater
 99127 | Dis:7    | Noticed Dispater
 99156 | Dis:7    | Killed Dispater
 99156 | Dis:7    | Reached skill level 10 in Armour
 99199 | Dis:7    | Got an iron rune of Zot
 99494 | Tar:1    | Entered Level 1 of Tartarus
102441 | Tar:5    | You fall into a shaft and drop 1 floor!
102563 | Tar:6    | Reached skill level 15 in Transmutations
102880 | Tar:7    | Entered Level 7 of Tartarus
103332 | Tar:7    | Noticed Ereshkigal
103336 | Tar:7    | Killed Ereshkigal
103359 | Tar:7    | Noticed the Serpent of Hell
103363 | Tar:7    | Killed the Serpent of Hell
103380 | Tar:7    | Identified the cursed +1 ring mail "Adgheul" {MR+ Str+3
                  | Dex+2} (You found it on level 7 of Tartarus)
103386 | Tar:7    | Got a bone rune of Zot
103388 | Tar:7    | Identified the Grimoire of Orientation and Heat
103392 | Tar:7    | Identified the +11 fustibalus of Equilibrium {vorpal, rElec
                  | rF+ Dex-2} (You found it on level 7 of Tartarus)
103395 | Tar:7    | Identified the Catalogue of Augmentations and the Escort
103581 | Tar:7    | Found the macabre finger necklace {rN+}
103591 | Tar:7    | Identified the +10 dagger "Josche" {holy, rF++ rN+ Int+4}
                  | (You found it on level 7 of Tartarus)
104044 | Coc:1    | Entered Level 1 of Cocytus
104800 | Coc:7    | Entered Level 7 of Cocytus
105098 | Coc:7    | HP: 16/394 [shard shrike (16)]
105098 | Coc:7    | Demolished by a shard shrike

Illustrated notes

Levels and vault maps discovered:
D:1:      enne_arrival_octagon_isle, layout_basic
D:2:      layout_rooms
D:3:      minmay_angry_zag, layout_rooms, grunt_temple_overflow_open
D:4:      layout_loops_cross, okawaru_metal_pillars_1_2, serial_shops,
          shop_coins, uniq_crazy_yiuf_cottage, uniq_sigmund, uniq_grinder,
          uniq_blork_the_orc
D:5:      layout_basic, temple_statues, serial_shops, nicolae_shop_trees,
          first_ration
D:6:      layout_loops_corners, palyth_stone_intersect,
          nicolae_tso_besieged_by_evil
D:7:      layout_basic, basic_altar, enter_bailey_3
D:8:      layout_basic, serial_shops, shop
D:9:      layout_gridville, uniq_joseph, uniq_grum
D:10:     layout_roguey, blue_anna_alchemist [blue_anna_fruit_fields,
          blue_anna_fruit_fields], roderic_roman_lattice
D:11:     minmay_chambers_of_sixes, layout_rooms, erik_lair_dragon, uniq_urug,
          uniq_maurice
D:12:     layout_basic, orc_0_dummy, lightli_fourway_metalbox, uniq_sonja,
          uniq_josephine, uniq_azrael
D:13:     layout_stronghold, erik_vaults_1, gauntlet_entry_generic,
          serial_shops, kennysheep_mini, shop, shop, lemuel_flame_loot_1
D:14:     kennysheep_spiral_hall, layout_irregular_city, basic_altar
D:15:     hangedman_depths_entry_civil_slaughter, layout_long_grid,
          nicolae_ru_the_path_less_chosen
Temple:   regret_index_temple_mists
Lair:1:   layout_misc_corridors, maelrawn_ghost_gauntlet_escape,
          beast_lair_carwin_9
Lair:2:   layout_layer_cave, beast_lair_carwin_7
Lair:3:   layout_roguey
Lair:4:   layout_roguey, shoals_dummy_entry, minmay_snake_entry_guardpost_small
Lair:5:   layout_hall_layers, slime_altar_1, portal_ice_cave_entry_imps
Lair:6:   cheibrodos_lair_end_hotspot, layout_regular_city,
          serial_bayou_crossing, uniq_kirke
Shoals:1: layout_shoals
Shoals:2: cheibrodos_shoals_oceanic_diplomacy, layout_shoals, uniq_ilsuiw
Shoals:3: layout_shoals, serial_shops, nicolae_shop_stone, nicolae_shop_stone,
          nicolae_shop_stone, shop_statue, shop_coins, uniq_polyphemus
Shoals:4: shoals_end_grunt_garden, layout_shoals, shoals_ilsuiw_ice, uniq_aizul,
          uniq_louise
Snake:1:  layout_onion, st_stairs_2, nicolae_snake_shapes, serial_bayou_shore_a,
          grunt_megastairs_2
Snake:2:  layout_basic, grunt_megastairs_1
Snake:3:  layout_onion_interference
Snake:4:  snake_hunt, layout_basic, serial_shops, shop, st_stairs_14,
          nicolae_snake_double_loop
Slime:1:  cheibrodos_slime_lost_civilization_10, layout_caves
Slime:2:  layout_caves, basic_altar
Slime:3:  layout_caves, uniq_donald
Slime:4:  layout_caves, cheibrodos_slime_lost_civilization_7
Slime:5
Orc:1:    layout_caves, basic_altar, serial_shops, nicolae_shop_behind_doors
Orc:2:    st_orc_rangers, layout_caves
Elf:1:    minmay_elf_arrival_plus, layout_geoelf_octagon, serial_shops,
          nicolae_shop_temple_entry_statues_fountains, hangedman_elf_disciples,
          minivault_25, uniq_roxanne, uniq_nikola
Elf:2:    layout_geoelf_grid, uniq_agnes
Elf:3:    minmay_elf_hall_furrowed, layout_loops_corners, serial_shops,
          nicolae_shop_behind_doors, hangedman_elven_ridges
Vaults:1: v_misc_18, nicolae_vaults_little_squares_1, v_alt_pattern_4,
          vaults_room_pools, v_misc_22, layout_vaults_omnigrid
Vaults:2: v_misc_8, nicolae_vaults_ring_of_whatevers, st_greater_box_3,
          v_misc_11, vaults_room_large_hall, minmay_crypt_entry_simple_sparse,
          serial_ice_g, vaults_mumra_chevron_long, ontoclasm_vaults_idyll,
          layout_vaults_maze_snakey
Vaults:3: st_octagons_1, v_misc_2, grunt_vaults_focal, v_pattern_4,
          hangedman_vaults_unwind, grunt_vaults_hallway_long,
          nicolae_vaults_windows_and_doors_thing, hangedman_vaults_trim,
          v_misc_14, layout_vaults_big_room, uniq_frederick, uniq_xtahua
Vaults:4: hangedman_vaults_river_flow, vaults_room_pools,
          hangedman_vaults_restitches, vaults_mumra_minichess,
          hangedman_vaults_trim, grunt_vaults_diagonal, dpeg_vaults_monster_box,
          v_misc_15, vaults_room_ringed_pool, v_misc_23, ontoclasm_vaults_spin,
          nicolae_vaults_angled_halls, vaults_room_hallway, layout_vaults_ring,
          serial_shops, shop_statue, enter_trove_2
Vaults:5: uniq_jory
Crypt:1:  layout_gridlike
Crypt:2:  layout_rooms, minivault_11, uniq_khufu
Crypt:3:  evilmike_haunted_forest
Tomb:1
Tomb:2
Tomb:3
Depths:1: layout_basic, hell_entry, rand_demon_pan_entry_4,
          evilmike_ruin_ashenzari, nicolae_two_hexagons, grunt_tower_of_power
Depths:2: spriggan_forest, hell_entry, uniq_bai_suzhen
Depths:3: thingy_vault, layout_cave_pools, abyss_entry,
          hangedman_abyss_or_decor_passed, pf_coc_iceberg,
          rand_demon_pan_entry_8, grunt_megastairs_3,
          infiniplex_staircase_zigzag_1, uniq_mara, uniq_sojobo
Depths:4: wander_protected_by_tso, layout_cave_pools, hell_entry,
          abyss_entry_flame_altar, laboratory
Depths:5: grunt_zot_entry_bicorn, layout_cave_shapes, enter_ziggurat_e,
          grunt_hell_entry_dis_grunt, minmay_misc_feat_x, serial_shops, shop,
          nicolae_water_bricks, minmay_curled_crystal
Hell
Dis:1:    layout_jigsaw
Dis:2:    layout_subdivisions, evilmike_ambush [evilmike_ambush_outer_basic,
          evilmike_ambush_inner_basic]
Dis:3:    layout_gridville
Dis:4:    layout_jigsaw
Dis:5:    layout_gridville, grunt_megastairs_5
Dis:6:    layout_overlapping_boxes
Dis:7:    dis_st
Geh:1:    layout_gehenna_pools_triple
Geh:2:    layout_gehenna_pools_basic
Geh:3:    layout_gehenna_pools_box
Geh:4:    layout_gehenna_lava_caves
Geh:5:    layout_gehenna_pools_box, special_room [special_room_morgue]
Geh:6:    layout_gehenna_pools_basic
Geh:7:    geh_mu
Coc:1:    layout_cocytus_water_paths
Coc:2:    layout_cocytus_water_paths, serial_ice
Coc:3:    layout_ice_bergs
Coc:4:    layout_ice_bergs
Coc:5:    layout_ice_bergs
Coc:6:    layout_cocytus_water_paths
Coc:7:    coc_grunt
Tar:1:    layout_cathedral_of_symmetry
Tar:2:    layout_grid_maze
Tar:3:    layout_catacombs
Tar:4:    layout_grid_maze, nicolae_tar_cuneiform_bread
Tar:5:    layout_grid_maze
Tar:6:    layout_cathedral_of_symmetry
Tar:7:    tar_minmay_river

Skill      XL: |  1  2  3  4  5  6  7  8  9 10 11 12 13 14 15 16 17 18 19 20 21 22 23 24 25 26 27 |
---------------+----------------------------------------------------------------------------------+-----
Dodging        | 3 4 5 6 7 9 11 12 13 14 15 16 17 18 19 20 21 26 | 26.1
Short Blades   | 3 4 5 7 8 9 10 11 12 17 | 17.4
Stealth        | 2 3 4 5 6 7 8 9 10 11 12 13 14 16 17 18 19 25 | 25.7
Fighting       | 4 5 6 7 8 10 11 13 14 15 16 17 18 19 20 26 | 26.4
Evocations     | 3 5 7 8 9 11 13 14 15 | 15.2
Armour         | 3 5 8 13 | 13.9
Invocations    | 1 6 9 10 12 | 12.3
Necromancy     | 4 7 9 11 13 14 15 16 24 | 24.3
Spellcasting   | 3 5 7 9 20 | 20.2
Ice Magic      | 1 4 7 9 11 | 11.7
Hexes          | 6 8 12 | 12.3
Earth Magic    | 2 4 |  4.9
Translocations | 3 6 8 |  8.3
Charms         | 2 7 10 | 10.0
Summonings     | 9 |  9.3
Transmutations | 15 | 15.3
Air Magic      | 8 |  8.5

Action                   |  1- 3 |  4- 6 |  7- 9 | 10-12 | 13-15 | 16-18 | 19-21 | 22-24 | 25-27 || total
-------------------------+-------+-------+-------+-------+-------+-------+-------+-------+-------++-------
Melee: Dagger            |   105 |   148 |    54 |       |       |       |       |       |       ||   307
       Short sword       |     2 |       |       |       |       |       |       |       |       ||     2
       Kick              |       |    14 |    91 |   221 |   636 |   956 |   633 |   685 |  4808 ||  8044
       Pair of quick bla |       |       |   191 |   618 |  1388 |  2027 |  1449 |  1426 |  8283 || 15382
       Halberd           |       |       |       |       |       |       |     3 |       |       ||     3
       Eveningstar       |       |       |       |       |       |       |       |       |     2 ||     2
       Great sword       |       |       |       |       |       |       |       |       |    11 ||    11
       Headbutt          |       |       |       |       |       |       |       |       |   813 ||   813
       Quick blade       |       |       |       |       |       |       |       |       |    49 ||    49
Throw: Javelin           |       |       |       |       |       |       |     1 |       |       ||     1
       Dart              |       |       |       |       |       |       |       |       |     1 ||     1
 Cast: Death Channel     |       |       |       |       |       |    11 |     8 |     3 |     3 ||    25
       Ozocubu's Armour  |       |       |       |       |       |     2 |       |     1 |     7 ||    10
       Confusing Touch   |       |       |       |       |       |       |     2 |       |       ||     2
       Borgnjor's Vile C |       |       |       |       |       |       |     2 |     1 |       ||     3
       Song of Slaying   |       |       |       |       |       |       |       |     1 |    11 ||    12
       Silence           |       |       |       |       |       |       |       |       |     4 ||     4
       Blink             |       |       |       |       |       |       |       |       |     2 ||     2
       Darkness          |       |       |       |       |       |       |       |       |     2 ||     2
       Shroud of Golubri |       |       |       |       |       |       |       |       |     2 ||     2
       Swiftness         |       |       |       |       |       |       |       |       |     1 ||     1
       Necromutation     |       |       |       |       |       |       |       |       |     1 ||     1
       Summon Butterflie |       |       |       |       |       |       |       |       |     1 ||     1
Invok: Shadow Step       |       |       |       |       |     1 |       |     1 |     5 |     4 ||    11
       Shadow Form       |       |       |       |       |       |       |       |     1 |       ||     1
 Abil: Evoke Berserk Rag |       |       |       |       |       |       |     1 |     1 |    14 ||    16
       Hurl Damnation    |       |       |       |       |       |       |       |     3 |     3 ||     6
       Evoke Invisibilit |       |       |       |       |       |       |       |       |     1 ||     1
Evoke: Wand              |       |       |     2 |     4 |     1 |     2 |     2 |     4 |    23 ||    38
       Phantom mirror    |       |       |       |       |       |     1 |       |       |       ||     1
       Lightning rod     |       |       |       |       |       |     4 |       |       |       ||     4
       Tin of tremorston |       |       |       |       |       |     2 |       |       |     2 ||     4
       Phial of floods   |       |       |       |       |       |       |     1 |       |       ||     1
       Box of beasts     |       |       |       |       |       |       |       |     1 |     2 ||     3
  Use: Scroll            |       |     4 |     5 |     5 |    17 |    10 |    10 |     7 |    38 ||    96
       Potion            |       |     2 |       |       |     6 |    10 |     3 |     5 |    39 ||    65
 Stab: Sleeping          |     7 |    10 |    16 |    62 |   102 |    78 |   135 |   104 |   441 ||   955
       Distracted        |     1 |       |       |     2 |     7 |    39 |    14 |    14 |   188 ||   265
       Confused          |       |       |       |       |       |       |       |     1 |       ||     1
       Invisible         |       |       |       |       |       |       |       |       |     3 ||     3
  Eat: Chunk             |     1 |     4 |    13 |    14 |    21 |    15 |    38 |    21 |    35 ||   162
       Ration            |       |       |       |     1 |     4 |     6 |     2 |     7 |    39 ||    59
Armor: Robe              |    25 |    19 |    17 |       |       |       |    75 |   139 |       ||   275
       Leather armour    |       |       |       |    38 |    13 |       |       |       |       ||    51
       Troll leather arm |       |       |       |       |   143 |   238 |    86 |    85 |  1019 ||  1571
Dodge: Dodged            |    65 |    95 |    96 |   282 |   775 |  1254 |   670 |   937 |  5361 ||  9535
Block: Other             |       |       |       |       |   118 |   210 |    76 |       |       ||   404
       Reflection        |       |       |       |       |     4 |    24 |     3 |       |       ||    31
       Rpst.: Great sword |       |       |       |       |       |       |       |       |     5 ||     5
